 Dungeon Crawl Stone Soup version 0.31-a0-246-g8cbcc1cb85 (webtiles) character file.

Game seed: 9025993754402606047

393094 qw the Slayer (level 23, -14/172 HPs)
             Began as a Gargoyle Hexslinger on July 12, 2023.
             Was an Elder of Okawaru.
             Demolished by Vv (34 damage)
             ... on level 3 of the Depths.
             The game lasted 00:32:29 (39811 turns).

qw the Slayer (Gargoyle Hexslinger)                Turns: 39811, Time: 00:32:29

Health: -14/172    AC: 39    Str: 15    XL:     23   Next: 14%
Magic:  30/30      EV: 40    Int: 17    God:    Okawaru [****..]
Gold:   1897       SH:  0    Dex: 26    Spells: 23/24 levels left

rFire   + . .        z - +5 longbow (freeze)
rCold   + . .        (shield currently unavailable)
rNeg    + + .        c - +5 leather armour of Prudence {Rampage rElec rN+ Regen+}
rPois   inf          v - +1 helmet of the Nexus {Int+3 SInv Stlth-}
rElec   +            d - scarf {repulsion}
rCorr   +            k - +2 pair of gloves
SInv    +            t - +3 pair of seven-league boots {Rampage+∞}
Will    ++...        f - amulet of faith
Stlth   ++           b - +6 ring of dexterity
HPRegen 1.28/turn    m - +5 ring of evasion
MPRegen 0.22/turn

%: repel missiles, rampage+inf, faith
@: about to teleport, resistant, heroic, flying
A: sickness immunity, AC +17, big wings, negative energy resistance 1,
electricity resistance, torment resistance 1, petrification resistance, claws 1,
strong-willed 1
}: 2/15 runes: barnacled, gossamer
a: Renounce Religion, Heroism, Finesse


You were on level 3 of the Depths.
You worshipped Okawaru.
Okawaru was greatly pleased with you.
You visited 8 branches of the dungeon, and saw 38 of its levels.
You also visited: Gauntlet.

You collected 4622 gold pieces.
You spent 2725 gold pieces at shops.


Innate Abilities, Weirdness & Mutations

You are immune to sickness and miasma.
Your stone body is resilient. (AC +17)
You are immune to poison.
Your large and strong wings let you fly.
You resist negative energy. (rN+)
You are resistant to electric shocks. (rElec)
You are resistant to unholy torment.
You are immune to petrification.
You have sharp fingernails.
You are strong-willed. (Will+)


   Skills:
 + Level 26.1(27) Fighting
 - Level 20.0(25.0) Ranged Weapons
 - Level 13.0(18.0) Armour
 - Level 19.0(24.0) Dodging
 - Level 1.0 Spellcasting
 - Level 2.6 Hexes
 - Level 10.0 Invocations


You had 23 spell levels left.
You knew the following spells:

 Your Spells              Type           Power      Damage    Failure   Level
a - Slow                  Hex            36%        N/A       8%          1

Your spell library contained the following spells:

 Spells                   Type           Power      Damage    Failure   Level
 Inner Flame              Hex/Fire       5%         N/A       38%         3
 Portal Projectile        Hex/Tloc       10%        N/A       38%         3
 Cause Fear               Hex            4%         N/A       61%         4

Inventory:

Hand Weapons
 z - a +5 longbow of freezing (weapon)
Armour
 c - the +5 leather armour of Prudence (worn) {Rampage rElec rN+ Regen+}
   (You found it on level 4 of the Dungeon)

   rElec:     It insulates you from electricity.
   rN:        It protects you from negative energy.
   Regen:     It increases your rate of health regeneration.
   Rampage:   It bestows one free step when moving towards enemies.
 d - a scarf of repulsion (worn)
 k - a +2 pair of gloves (worn)
 q - a +2 cloak
 t - the +3 pair of seven-league boots (worn) {Rampage+∞}
   (You found it in a Gauntlet)

   Rampage+∞: When moving toward enemies, its wearer moves as far as possible,
   alerting their target en route.
 u - a +1 hat of willpower
 v - the +1 helmet of the Nexus (worn) {Int+3 SInv Stlth-}
   (Okawaru gifted it to you on level 4 of the Lair of Beasts)

   Int:       It affects your intelligence (+3).
   SInv:      It lets you see invisible.
   Stlth:     It makes you less stealthy.
 C - a +2 robe of resistance
Jewellery
 b - a +6 ring of dexterity (left hand)
 f - an amulet of faith (around neck)
 m - a +5 ring of evasion (right hand)
 A - the ring of Gubiroej {rF+ rC+ Stlth+}
   (You acquired it on level 15 of the Dungeon)

   [ring of protection from cold]

   rF:        It protects you from fire.
   rC:        It protects you from cold.
   Stlth:     It makes you more stealthy.
Wands
 j - a wand of digging (16)
Scrolls
 e - 22 scrolls of identify
 i - 4 scrolls of teleportation
 n - 4 scrolls of enchant armour
Potions
 a - 8 potions of mutation
 g - 10 potions of haste
 h - a potion of resistance
 o - 5 potions of cancellation
 p - 10 potions of might
 r - 2 potions of magic
 w - 10 potions of enlightenment
 x - 12 potions of curing

Dungeon Overview and Level Annotations

Branches:
Dungeon (15/15)            Temple (1/1) D:5            Lair (5/5) D:8
 Shoals (4/4) Lair:3       Spider (4/4) Lair:3        Slime (0/5) Lair:5
    Orc (2/2) D:10            Elf (0/3) Orc:2        Vaults (4/5) D:13
  Crypt (0/3) Vaults:3     Depths (3/4) D:15        Gauntlet (visited)

Altars:
Ashenzari
Cheibriados
Dithmenos
Elyvilon
Fedhas
Gozag
Hepliaklqana
Kikubaaqudgha
Makhleb
Nemelex Xobeh
Okawaru
Qazlal
Ru
Sif Muna
Trog
Uskayaw
Vehumet
Wu Jian
Xom
Yredelemnul
Zin
The Shining One
Jiyva

Shops:
D:5 [([   Orc:2 !*!*   Shoals:3 *   Vaults:3 :

Portals:
Hell: Depths:1 Depths:2 Depths:3
Abyss: Depths:3
Pandemonium: Depths:1 Depths:2
Ziggurat: Depths:2
Trove: D:12 (give +3 storm dragon scales)

Annotations:
D:6 exclusion: wight
D:9 2 transporters
D:14 1 transporter, Kapsuk's ghost, journeyman DECj
Lair:3 3 runed translucent doors, qw's ghost, journeyman GrHs
Lair:4 3 runed translucent doors
Shoals:2 2 transporters, Ullipcorian's ghost, adept HOFi
Spider:2 1 runed translucent door
Vaults:1 exclusion: vault warden
Vaults:2 1 runed translucent door, qw's ghost, adept MiHs
Vaults:4 1 runed translucent door, qw's ghost, veteran GrFi
Depths:2 2 runed translucent doors
Depths:3 Vv


Message History

You shoot an arrow. The arrow hits Vv but does no damage.
Vv is heavily damaged.
You shoot an arrow. The arrow hits Vv!
Vv is severely damaged.
Vv calls freezing cold from the walls.
The frost grips you!! You resist.
You shoot an arrow. The arrow hits Vv but does no damage.
Vv is severely damaged.
Vv completely misses you. Vv hits you but does no damage.
You shoot an arrow. The arrow hits Vv but does no damage.
Vv is severely damaged.
The ice encasing you melts away. Vv completely misses you.
Vv hits you but does no damage.
You shoot an arrow. The arrow completely misses Vv.
You shoot an arrow. The arrow hits Vv!
The arrow freezes Vv.
Vv is severely damaged.
Vv completely misses you. Vv misses you.
You shoot an arrow. The arrow barely misses Vv.
Vv hits you. Vv freezes you! You resist. Vv completely misses you.
You shoot an arrow. The arrow hits Vv but does no damage.
Vv is severely damaged.
Vv hits you! Vv freezes you!! You resist. Vv hits you but does no damage.
39806 ||| READING 5 scrolls of teleportation.
As you read the scroll of teleportation, it crumbles to dust.
You feel strangely unstable. Vv closely misses you. Vv completely misses you.
You shoot an arrow. The arrow hits Vv but does no damage.
Vv is severely damaged.
You shoot an arrow. The arrow hits Vv but does no damage.
Vv is severely damaged.
Vv hits you but does no damage. Vv completely misses you.
You shoot an arrow. The arrow hits Vv but does no damage.
Vv is severely damaged.
Vv completely misses you. x2
You shoot an arrow. The arrow hits Vv but does no damage.
Vv is severely damaged.
You shoot an arrow. The arrow hits Vv.
Vv is severely damaged.
Vv hits you! Vv freezes you!! You resist.
You die...

8..## #.#
##. ..##
#.# ##
### #.#
##.# #..#
#.## #.#
..... #.#
C... #@#
#..9
#.9......
#...
#.'......
#...
###......
##...
......
##}...
......
......
.....
....C.
#....
......
......


You could see Vv.

Vanquished Creatures
  Mara (Shoals:4)
  A juggernaut (Depths:3)
  2 golden dragons (Depths:3)
  A walking crystal tome (Depths:3)
  A tentacled monstrosity (Depths:1)
  A walking earthen tome (Depths:3)
  A lich (Vaults:1)
  Rupert (Lair:5)
  2 quicksilver dragons (Depths:2)
  A sphinx (shapeshifter) (Vaults:4)
  7 sphinxes
  Gastronok (D:8)
  A kraken (Shoals:2)
  A shadow dragon (Depths:3)
  Frances (Shoals:1)
  Roxanne (D:14)
  2 fire giants
  20 vault wardens
  2 frost giants (Depths:3)
  Louise (Shoals:2)
  7 emperor scorpions
  3 ghost moths
  3 spectral caustic shrikes (Depths:3)
  6 orc warlords
  A spriggan defender (Depths:2)
  4 war gargoyles
  11 ironbound thunderhulks
  A broodmother (Spider:3)
  7 very ugly things
  16 ironbound preservers
  12 stone giants
  A formless jellyfish (Vaults:2)
  A deep elf demonologist (Vaults:1)
  2 vampire knights (Depths:3)
  12 dire elephants
  4 minotaurs
  6 spark wasps
  6 ettins
  An ettin (shapeshifter) (Depths:3)
  7 fire dragons
  2 crystal guardians (Vaults:4)
  10 yaktaur captains
  Josephine (D:10)
  6 entropy weavers
  6 merfolk impalers
  2 merfolk javelineers (Depths:3)
  An entropy weaver (shapeshifter) (Spider:3)
  3 rakshasas
  9 great orbs of eyes
  3 jorogumos
  9 ice dragons
  18 vault guards
  A catoblepas (Lair:5)
  An ogre mage (D:15)
  5 hydras
  6 peacekeepers
  A spriggan air mage (Depths:3)
  A merfolk aquamancer (Shoals:1)
  5 radroaches
  13 satyrs
  10 centaur warriors
  9 two-headed ogres
  9 merfolk avatars
  7 boulder beetles
  13 ironbound frosthearts
  2 alligator snapping turtles (Shoals:4)
  10 deep troll earth magi
  7 deep troll shamans
  4 tengu warriors
  6 spriggan berserkers
  2 vampire magi (Depths:3)
  6 orc high priests (Orc:2)
  A titan zombie (Depths:3)
  3 demonic crawlers (Spider:4)
  2 sun demons (Shoals:2)
  A hell knight (Depths:3)
  Amaemon (Lair:3)
  Nergalle (Lair:3)
  4 pharaoh ants
  12 iron trolls
  6 skeletal warriors
  15 sea snakes
  A golden dragon zombie (Depths:2)
  7 skysharks
  49 deep trolls
  4 sun moths (Spider:2)
  17 ironbound convokers
  11 orb spiders
  2 glowing orange brains
  2 lindwurms (Vaults:3)
  An orange crystal statue (D:9)
  7 steelbarb worms
  2 flayed ghosts
  2 tengu zombies (Depths:2)
  3 deep elf pyromancers
  8 wizards
  21 orc knights
  2 phantasmal warriors
  8 necromancers
  19 harpies
  11 wolf spiders
  A manticore (shapeshifter) (D:12)
  5 mana vipers (Depths:2)
  14 cyclopes
  4 orc sorcerers (Orc:2)
  47 ugly things
  2 tengu skeletons
  2 fire giant zombies
  3 human zombies (Vaults:3)
  17 manticores
  2 large abominations (Gauntlet)
  5 moths of wrath
  An oklob plant (Lair:5)
  5 stone giant skeletons (Vaults:3)
  13 fauns
  A black mamba (Lair:5)
  A salamander (shapeshifter) (Depths:3)
  Maurice (D:8)
  8 water nymphs
  7 merfolk sirens
  A frost giant skeleton (Depths:3)
  Joseph (D:10)
  An eye of devastation (shapeshifter) (Vaults:2)
  12 vault sentinels
  A cane toad (shapeshifter) (D:14)
  14 cane toads
  3 torpor snails
  An orange demon (Lair:3)
  7 human skeletons (Vaults:3)
  4 gargoyles (D:12)
  4 efreet
  Psyche (D:11)
  3 kobold demonologists (D:13)
  A spark wasp simulacrum (Depths:3)
  3 unseen horrors
  48 yaktaurs
  4 rime drakes
  7 komodo dragons
  A tengu conjurer (Gauntlet)
  A yaktaur skeleton (Vaults:3)
  9 trolls
  15 merfolk
  A queen bee (Spider:1)
  6 meliai
  4 polar bears
  Grinder (D:6)
  3 hornets
  9 wind drakes
  21 tarantellas
  A tarantella (shapeshifter) (D:12)
  11 dream sheep
  15 blink frogs
  An iron dragon simulacrum (Vaults:3)
  An ettin zombie (Vaults:3)
  9 snapping turtles
  An ettin skeleton (Vaults:3)
  19 slime creatures
  29 jumping spiders
  2 shadows
  An elf skeleton (Vaults:3)
  23 culicivoras
  2 vampires
  7 wyverns
  28 water elementals
  60 yaks
  3 basilisks
  7 wraiths
  5 steam dragons (Lair:5)
  2 death yak simulacra (D:13)
  43 redbacks
  Grum (Lair:1)
  6 vampire mosquitoes
  A chaos spawn (Depths:2)
  Menkaure (D:7)
  5 wargs
  A glowing shapeshifter zombie (Vaults:3)
  2 acid dragons (D:11)
  16 water moccasins
  4 floating eyes
  A glowing shapeshifter skeleton (Vaults:3)
  30 orc warriors
  A sky beast (D:6)
  4 black bears
  12 ogres
  15 wolves
  6 centaurs
  2 phantoms
  Blork the orc (D:6)
  3 kobold brigands
  14 bullfrogs
  4 scorpions
  2 two-headed ogre simulacra (D:13)
  16 wights
  6 small abominations (Gauntlet)
  15 killer bees
  3 electric eels
  6 howler monkeys
  3 hounds
  3 iguanas
  39 orc priests
  5 jellies
  A gnoll bouda (D:4)
  32 orc wizards
  2 spriggan simulacra (D:13)
  A polar bear simulacrum (D:13)
  A troll simulacrum (D:13)
  9 gnolls
  5 adders
  3 ufetubi
  2 dart slugs
  82 orcs
  5 bats
  4 endoplasms
  3 giant cockroaches (D:4)
  8 goblins
  5 hobgoblins
  2 jackals (D:2)
  18 kobolds
  A quokka (D:1)
  7 ball pythons
  8 frilled lizards
  11 rats
  A butterfly (Lair:5)
  4 tentacles (Shoals:2)
1610 creatures vanquished.

Vanquished Creatures (others)
  A dream sheep (Lair:5)
  8 tentacles (Shoals:2)
9 creatures vanquished.

Grand Total: 1619 creatures vanquished

Notes
Turn   | Place    | Note
-------+----------+-------------------------------------------
     0 | D:1      | qw the Gargoyle Hexslinger began the quest for the Orb.
     0 | D:1      | Reached XP level 1. HP: 12/12 MP: 2/2
     0 | D:1      | 0 ||| qw: Version: 0.3-a-52-g30416fa
     0 | D:1      | 0 ||| qw: Game counter: 6542
     0 | D:1      | 0 ||| qw: Melee chars always use a shield: true
     0 | D:1      | 0 ||| qw: God list: Okawaru
     0 | D:1      | 0 ||| qw: Allow faded altars: false
     0 | D:1      | 0 ||| qw: Do Orc after clearing Dungeon:15 true
     0 | D:1      | 0 ||| qw: Do second Lair branch before Depths: true
     0 | D:1      | 0 ||| qw: Lair rune preference: random
     0 | D:1      | 0 ||| qw: Goals: Normal
     0 | D:1      | 0 ||| PLANNING D:1-11
    97 | D:1      | Reached XP level 2. HP: 16/16 MP: 3/3
   203 | D:1      | Reached skill level 3 in Ranged Weapons
   464 | D:1      | 464 ||| UPGRADING to +0 helmet.
   469 | D:1      | 469 ||| UPGRADING to +0 ring mail.
   479 | D:1      | 479 ||| DROPPING +0 robe.
   480 | D:1      | 480 ||| READING scroll labelled BENINK WIROS SUT.
   485 | D:1      | 485 ||| READING scroll labelled ORUMEACHER.
   486 | D:1      | 486 ||| DROPPING scroll of poison.
   667 | D:2      | Reached skill level 2 in Fighting
   667 | D:2      | Reached XP level 3. HP: 21/21 MP: 4/4
   851 | D:2      | Reached skill level 1 in Armour
   866 | D:2      | Reached XP level 4. HP: 13/26 MP: 5/5
   866 | D:2      | 866 ||| FLEEEEING.
   871 | D:2      | 871 ||| FLEEEEING.
   872 | D:2      | 872 ||| FLEEEEING.
   873 | D:2      | 873 ||| FLEEEEING.
   874 | D:2      | 874 ||| FLEEEEING.
   875 | D:2      | 875 ||| FLEEEEING.
   876 | D:2      | 876 ||| FLEEEEING.
   877 | D:2      | 877 ||| FLEEEEING.
   878 | D:2      | 878 ||| FLEEEEING.
   879 | D:2      | 879 ||| FLEEEEING.
   880 | D:2      | 880 ||| FLEEEEING.
   881 | D:2      | 881 ||| FLEEEEING.
   882 | D:2      | 882 ||| FLEEEEING.
   883 | D:2      | 883 ||| FLEEEEING.
   884 | D:2      | 884 ||| FLEEEEING.
   885 | D:2      | 885 ||| FLEEEEING.
   886 | D:2      | 886 ||| FLEEEEING.
   887 | D:2      | 887 ||| FLEEEEING.
   888 | D:2      | 888 ||| FLEEEEING.
   889 | D:2      | 889 ||| FLEEEEING.
   893 | D:2      | 893 ||| FLEEEEING.
   894 | D:2      | 894 ||| FLEEEEING.
   898 | D:2      | 898 ||| FLEEEEING.
   899 | D:2      | 899 ||| FLEEEEING.
   901 | D:2      | 901 ||| FLEEEEING.
   902 | D:2      | 902 ||| FLEEEEING.
   903 | D:2      | 903 ||| FLEEEEING.
   905 | D:2      | 905 ||| FLEEEEING.
   906 | D:2      | 906 ||| FLEEEEING.
   907 | D:2      | 907 ||| STAIRDANCE
   919 | D:1      | 919 ||| DROPPING scarf of shadows.
   920 | D:1      | 920 ||| READING scroll labelled XULUAPS WUVAQ.
   940 | D:1      | 940 ||| DRINKING 3 smoky yellow potions.
   940 | D:1      | Gained mutation: You are clumsy. (Dex -2) [potion of
                  | mutation]
   940 | D:1      | Gained mutation: You have sharp toenails. [potion of
                  | mutation]
   940 | D:1      | Gained mutation: You occasionally lose the ability to read
                  | scrolls when taking damage. [potion of mutation]
   941 | D:1      | 941 ||| DRINKING 2 potions of mutation.
   941 | D:1      | Lost mutation: You occasionally lose the ability to read
                  | scrolls when taking damage. [potion of mutation]
   941 | D:1      | Lost mutation: You have sharp toenails. [potion of
                  | mutation]
   941 | D:1      | Lost mutation: You are clumsy. (Dex -2) [potion of
                  | mutation]
   941 | D:1      | Gained mutation: You have sharp fingernails. [potion of
                  | mutation]
   941 | D:1      | Gained mutation: You are strong-willed. (Will+) [potion of
                  | mutation]
  1126 | D:2      | 1126 ||| UPGRADING to +2 leather armour of willpower.
  1136 | D:2      | 1136 ||| DROPPING +0 ring mail.
  1137 | D:2      | 1137 ||| DRINKING 2 pink potions.
  1246 | D:3      | 1246 ||| FLEEEEING.
  1247 | D:3      | 1247 ||| FLEEEEING.
  1252 | D:3      | 1252 ||| FLEEEEING.
  1258 | D:3      | 1258 ||| STAIRDANCE
  1272 | D:2      | 1272 ||| READING scroll labelled BUCUSOAMIPT.
  1284 | D:3      | Found a sacrificial altar of Ru.
  1337 | D:3      | Found a glowing silver altar of Zin.
  1488 | D:3      | Found a sparkling altar of Nemelex Xobeh.
  1507 | D:3      | Found a white marble altar of Elyvilon.
  1750 | D:3      | 1750 ||| SWAPPING to +0 orcbow.
  1751 | D:3      | 1751 ||| DROPPING +1 sling.
  1762 | D:3      | Found a stormy altar of Qazlal.
  1768 | D:3      | 1768 ||| UPGRADING to ring of positive energy.
  1769 | D:3      | 1769 ||| UPGRADING to ring of protection from fire.
  1770 | D:3      | 1770 ||| READING scroll labelled JIATEL DEO.
  1771 | D:3      | 1771 ||| READING scroll labelled AKHLEG BICEGY.
  1772 | D:3      | 1772 ||| READING scroll labelled YZUUNI DEUKKIT.
  1773 | D:3      | 1773 ||| DRINKING 2 orange potions.
  1774 | D:3      | 1774 ||| READING 3 scrolls of identify.
  1774 | D:3      | 1774 ||| IDENTIFYING yellow potion
  1775 | D:3      | 1775 ||| READING 2 scrolls of identify.
  1775 | D:3      | 1775 ||| IDENTIFYING golden potion
  1776 | D:3      | 1776 ||| DROPPING potion of attraction.
  1820 | D:4      | Reached XP level 5. HP: 30/30 MP: 6/6
  1864 | D:4      | 1864 ||| FLEEEEING.
  1927 | D:4      | 1927 ||| FLEEEEING.
  1928 | D:4      | 1928 ||| FLEEEEING.
  1929 | D:4      | 1929 ||| STAIRDANCE
  1958 | D:3      | 1958 ||| READING scroll labelled FORORCH UZUDIBB.
  1996 | D:4      | Identified the +5 leather armour of Prudence {Rampage rElec
                  | rN+ Regen+}
  2086 | D:4      | Reached skill level 3 in Fighting
  2107 | D:4      | Reached XP level 6. HP: 22/37 MP: 7/7
  2264 | D:4      | 2264 ||| UPGRADING to +5 leather armour of Prudence
                  | {Rampage rElec rN+ Regen+}.
  2283 | D:4      | 2283 ||| DROPPING +2 leather armour of willpower.
  2568 | D:5      | Entered Level 5 of the Dungeon
  2571 | D:5      | 2571 ||| STAIRDANCE
  2591 | D:5      | 2591 ||| STAIRDANCE
  2611 | D:5      | 2611 ||| STAIRDANCE
  2614 | D:4      | Reached skill level 6 in Ranged Weapons
  2669 | D:5      | Found a broken altar of Ashenzari.
  2709 | D:5      | Found a staircase to the Ecumenical Temple.
  2710 | D:5      | 2710 ||| PLANNING TEMPLE
  2710 | D:5      | 2710 ||| READING scroll labelled XEITZI VIRIEHU.
  2711 | D:5      | 2711 ||| READING scroll labelled TIDIEPS FUENN.
  2720 | Temple   | Entered the Ecumenical Temple
  2721 | Temple   | 2721 ||| PLANNING OKAWARU WORSHIP
  2734 | Temple   | Became a worshipper of Warmaster Okawaru
  2735 | Temple   | 2735 ||| PLANNING D:1-11
  2759 | D:5      | Reached skill level 4 in Fighting
  2759 | D:5      | Reached XP level 7. HP: 40/43 MP: 8/8
  3044 | D:5      | Found Petried's Armour Shop.
  3045 | D:5      | Found Horeir's Antique Weapon Boutique.
  3047 | D:5      | Found Zilaroph's Antique Armour Shop.
  3082 | D:5      | 3082 ||| BUYING pair of gloves (126 gold).
  3082 | D:5      | Bought a pair of gloves for 126 gold pieces
  3082 | D:5      | 3082 ||| SHOPLISTING pair of glowing boots (210 gold, have
                  | 95).
  3086 | D:5      | 3086 ||| BUYING +0 cloak (58 gold).
  3086 | D:5      | Bought a +0 cloak for 58 gold pieces
  3311 | D:5      | Found a hide-covered altar of Uskayaw.
  3395 | D:5      | 3395 ||| UPGRADING to +0 pair of gloves.
  3400 | D:5      | 3400 ||| UPGRADING to +0 cloak.
  3405 | D:5      | 3405 ||| DRINKING 2 emerald potions.
  3406 | D:5      | 3406 ||| READING 3 scrolls of identify.
  3406 | D:5      | 3406 ||| IDENTIFYING gluggy clear potion
  3407 | D:5      | 3407 ||| DROPPING potion of lignification.
  3554 | D:6      | Noticed Blork the orc
  3561 | D:6      | Killed Blork the orc
  3597 | D:6      | Reached * piety under Okawaru
  3716 | D:6      | 3716 ||| INVOKING Heroism.
  3751 | D:6      | Reached XP level 8. HP: 48/48 MP: 9/9
  3763 | D:6      | 3763 ||| INVOKING Heroism.
  3768 | D:6      | Reached skill level 5 in Fighting
  3935 | D:6      | 3935 ||| READING scroll labelled POFE EMMYO.
  3935 | D:6      | Identified a scroll of acquirement
  3935 | D:6      | 3935 ||| ACQUIRING 562 gold pieces
  3935 | D:6      | Acquired 562 gold pieces
  3939 | D:6      | 3939 ||| FLEEEEING.
  3940 | D:6      | 3940 ||| FLEEEEING.
  3941 | D:6      | 3941 ||| INVOKING Heroism.
  4106 | D:6      | Noticed Grinder
  4107 | D:6      | 4107 ||| INVOKING Heroism.
  4113 | D:6      | Paralysed by Grinder for 5 turns
  4125 | D:6      | Killed Grinder
  4231 | D:6      | Reached skill level 9 in Ranged Weapons
  4231 | D:6      | Reached skill level 1 in Invocations
  4248 | D:6      | Found a glowing golden altar of the Shining One.
  4281 | D:6      | 4281 ||| INVOKING Heroism.
  4646 | D:6      | 4646 ||| READING scroll labelled WAYRONA VOSA.
  4687 | D:7      | 4687 ||| INVOKING Heroism.
  4697 | D:7      | Reached skill level 3 in Invocations
  4697 | D:7      | Reached XP level 9. HP: 28/54 MP: 8/11
  4703 | D:7      | Reached skill level 6 in Fighting
  4812 | D:7      | Found a shimmering altar of Xom.
  4845 | D:7      | 4845 ||| INVOKING Heroism.
  4967 | D:7      | 4967 ||| INVOKING Heroism.
  5072 | D:7      | Noticed Menkaure
  5073 | D:7      | 5073 ||| INVOKING Heroism.
  5084 | D:7      | Killed Menkaure
  5149 | D:7      | Reached skill level 3 in Dodging
  5428 | D:7      | 5428 ||| UPGRADING to +1 cloak.
  5438 | D:7      | 5438 ||| DROPPING +0 cloak.
  5439 | D:7      | 5439 ||| DRINKING 3 ruby potions.
  5440 | D:7      | 5440 ||| READING 5 scrolls of identify.
  5440 | D:7      | 5440 ||| IDENTIFYING fizzy yellow potion
  5441 | D:7      | 5441 ||| READING 4 scrolls of identify.
  5441 | D:7      | 5441 ||| IDENTIFYING black potion
  5442 | D:7      | 5442 ||| DROPPING potion of degeneration.
  5520 | D:8      | Reached skill level 7 in Fighting
  5532 | D:8      | Noticed Maurice
  5537 | D:8      | Reached ** piety under Okawaru
  5545 | D:8      | 5545 ||| Stepping ~*~*~tactically~*~*~ (outnumbered).
  5578 | D:8      | Reached XP level 10. HP: 59/63 MP: 13/13
  5581 | D:8      | 5581 ||| INVOKING Heroism.
  5589 | D:8      | Reached skill level 3 in Armour
  5591 | D:8      | HP: 11/63 [wyvern (11)]
  5592 | D:8      | 5592 ||| READING 4 scrolls of teleportation.
  5593 | D:8      | 5593 ||| DRINKING 3 potions of heal wounds.
  5673 | D:8      | 5673 ||| INVOKING Heroism.
  5953 | D:8      | 5953 ||| INVOKING Heroism.
  5969 | D:8      | Reached skill level 8 in Fighting
  6079 | D:8      | Found a staircase to the Lair.
  6093 | D:8      | 6093 ||| PLANNING LAIR
  6095 | D:8      | 6095 ||| INVOKING Heroism.
  6128 | D:8      | 6128 ||| PLANNING LAIR
  6133 | Lair:1   | Entered Level 1 of the Lair of Beasts
  6136 | Lair:1   | Paralysed by something for 5 turns
  6147 | Lair:1   | 6147 ||| FLEEEEING.
  6148 | Lair:1   | 6148 ||| STAIRDANCE
  6174 | Lair:1   | 6174 ||| STAIRDANCE
  6177 | D:8      | 6177 ||| PLANNING LAIR
  6179 | D:8      | 6179 ||| Stepping randomly (disturbance).
  6195 | D:8      | Killed Maurice
  6222 | Lair:1   | 6222 ||| STAIRDANCE
  6284 | Lair:1   | Noticed a cane toad
  6285 | Lair:1   | 6285 ||| INVOKING Heroism.
  6296 | Lair:1   | Killed a cane toad
  6297 | Lair:1   | Reached skill level 12 in Ranged Weapons
  6360 | Lair:1   | Noticed a cane toad
  6362 | Lair:1   | 6362 ||| INVOKING Heroism.
  6367 | Lair:1   | Killed a cane toad
  6367 | Lair:1   | Reached *** piety under Okawaru
  6368 | Lair:1   | Noticed a cane toad
  6375 | Lair:1   | Killed a cane toad
  6395 | Lair:1   | 6395 ||| INVOKING Heroism.
  6402 | Lair:1   | Reached XP level 11. HP: 43/69 MP: 11/14
  6404 | Lair:1   | Reached skill level 9 in Fighting
  6447 | Lair:1   | 6447 ||| INVOKING Heroism.
  6465 | Lair:1   | Reached **** piety under Okawaru
  6502 | Lair:1   | 6502 ||| INVOKING Heroism.
  6521 | Lair:1   | Noticed Grum
  6529 | Lair:1   | Noticed a boulder beetle
  6537 | Lair:1   | 6537 ||| INVOKING Heroism.
  6552 | Lair:1   | HP: 13/71 [Grum/+0 spear (10)]
  6553 | Lair:1   | 6553 ||| READING 3 scrolls of teleportation.
  6554 | Lair:1   | 6554 ||| DRINKING 2 potions of heal wounds.
  6597 | Lair:1   | 6597 ||| INVOKING Heroism.
  6703 | Lair:1   | You fall into a shaft and drop 1 floor!
  6725 | Lair:2   | 6725 ||| READING 2 scrolls of identify.
  6725 | Lair:2   | 6725 ||| IDENTIFYING brown potion
  6726 | Lair:2   | 6726 ||| DROPPING potion of brilliance.
  6783 | Lair:1   | 6783 ||| INVOKING Heroism.
  6808 | Lair:1   | 6808 ||| INVOKING Heroism.
  6810 | Lair:1   | HP: 16/71 [boulder beetle (18)]
  6811 | Lair:1   | 6811 ||| READING 2 scrolls of teleportation.
  6812 | Lair:1   | 6812 ||| DRINKING potion of heal wounds.
  6865 | Lair:1   | 6865 ||| INVOKING Heroism.
  6891 | Lair:1   | 6891 ||| INVOKING Heroism.
  6899 | Lair:1   | Killed a boulder beetle
  6937 | Lair:1   | 6937 ||| INVOKING Heroism.
  7119 | Lair:1   | 7119 ||| INVOKING Heroism.
  7183 | Lair:1   | 7183 ||| INVOKING Heroism.
  7206 | Lair:1   | Killed Grum
  7329 | Lair:2   | 7329 ||| INVOKING Heroism.
  7336 | Lair:2   | Reached skill level 10 in Fighting
  7407 | Lair:2   | 7407 ||| INVOKING Heroism.
  7437 | Lair:2   | Noticed a seven-headed hydra
  7439 | Lair:2   | 7439 ||| INVOKING Heroism.
  7445 | Lair:2   | Killed a seven-headed hydra
  7506 | Lair:2   | 7506 ||| INVOKING Heroism.
  7539 | Lair:2   | 7539 ||| INVOKING Heroism.
  7544 | Lair:2   | Reached skill level 6 in Invocations
  7544 | Lair:2   | Reached XP level 12. HP: 77/77 MP: 13/16
  7650 | Lair:2   | 7650 ||| INVOKING Heroism.
  7667 | Lair:2   | 7667 ||| INVOKING Heroism.
  7687 | Lair:2   | Noticed an eight-headed hydra
  7702 | Lair:2   | 7702 ||| INVOKING Heroism.
  7708 | Lair:2   | Killed an eight-headed hydra
  7923 | Lair:2   | 7923 ||| UPGRADING to amulet of faith.
  7928 | Lair:2   | 7928 ||| UPGRADING to +5 ring of evasion.
  7930 | Lair:2   | 7930 ||| DRINKING 2 smoky orange potions.
  8035 | Lair:2   | 8035 ||| DROPPING potion of berserk rage.
  8052 | Lair:3   | 8052 ||| PLANNING GAUNTLET
  8137 | Lair:3   | Found a hole to the Spider Nest.
  8143 | Lair:3   | Found a gate leading to a gauntlet.
  8151 | Gauntlet | Entered a Gauntlet
  8151 | Gauntlet | Found a transporter.
  8151 | Gauntlet | Found a transporter.
  8153 | Gauntlet | Noticed a tengu warrior
  8163 | Gauntlet | Found a transporter.
  8181 | Gauntlet | Found a transporter.
  8181 | Gauntlet | Found a transporter.
  8183 | Gauntlet | Found a transporter.
  8183 | Gauntlet | Found a transporter.
  8185 | Gauntlet | Found a transporter.
  8186 | Gauntlet | Noticed a great orb of eyes
  8188 | Gauntlet | Found a runed translucent door.
  8195 | Gauntlet | Found a transporter.
  8208 | Gauntlet | Noticed a great orb of eyes
  8211 | Gauntlet | Found a transporter.
  8213 | Gauntlet | Found a runed translucent door.
  8221 | Gauntlet | Found a transporter.
  8223 | Gauntlet | Found the ring of the Mage {Wiz Archmagi}
  8239 | Gauntlet | Found a transporter.
  8255 | Gauntlet | Found a transporter.
  8267 | Gauntlet | Found a transporter.
  8310 | Gauntlet | Killed a tengu warrior
  8324 | Gauntlet | Reached skill level 15 in Ranged Weapons
  8329 | Gauntlet | 8329 ||| UPGRADING to +4 ring of protection.
  8331 | Gauntlet | 8331 ||| DROPPING ring of positive energy.
  8365 | Gauntlet | 8365 ||| INVOKING Heroism.
  8411 | Gauntlet | 8411 ||| INVOKING Heroism.
  8441 | Gauntlet | 8441 ||| UPGRADING to +2 hat.
  8451 | Gauntlet | 8451 ||| DROPPING +0 helmet.
  8481 | Gauntlet | 8481 ||| INVOKING Heroism.
  8522 | Gauntlet | Killed a great orb of eyes
  8525 | Gauntlet | Identified the ring of Vunuj {Wiz Fly Str-4 Int+2}
  8527 | Gauntlet | 8527 ||| DROPPING ring of Vunuj {Wiz Fly Str-4 Int+2}.
  8535 | Gauntlet | Identified the +8 arbalest of Ralahie {antimagic, Dex+2}
  8535 | Gauntlet | Identified the +2 great mace of Evolution {heavy, Fly
                  | Dex+3}
  8535 | Gauntlet | Identified the ring "Guosa" {Fly EV+5}
  8535 | Gauntlet | Noticed a minotaur
  8536 | Gauntlet | 8536 ||| INVOKING Heroism.
  8563 | Gauntlet | Killed a minotaur
  8599 | Gauntlet | Found the +3 pair of seven-league boots {Rampage+∞}
  8625 | Gauntlet | 8625 ||| UPGRADING to +3 pair of seven-league boots
                  | {Rampage+∞}.
  8630 | Gauntlet | 8630 ||| DROPPING +2 hat.
  8631 | Gauntlet | 8631 ||| UPGRADING to ring "Guosa" {Fly EV+5}.
  8633 | Gauntlet | 8633 ||| DROPPING ring of willpower.
  8634 | Gauntlet | 8634 ||| UPGRADING to +5 ring of evasion.
  8636 | Gauntlet | 8636 ||| DROPPING +4 ring of protection.
  8651 | Lair:3   | 8651 ||| PLANNING LAIR
  8657 | Lair:3   | 8657 ||| INVOKING Heroism.
  8690 | Lair:3   | 8690 ||| INVOKING Heroism.
  8712 | Lair:3   | Noticed qw's ghost (journeyman GrHs)
  8713 | Lair:3   | Noticed an eight-headed hydra
  8724 | Lair:3   | Found a runed translucent gate.
  8725 | Lair:3   | Found a runed translucent gate.
  8726 | Lair:3   | Found a runed translucent gate.
  8748 | Lair:3   | Noticed a six-headed hydra
  8749 | Lair:3   | 8749 ||| INVOKING Heroism.
  8759 | Lair:3   | Killed a six-headed hydra
  8908 | Lair:3   | Noticed Amaemon
  8909 | Lair:3   | 8909 ||| Stepping ~*~*~tactically~*~*~ (outnumbered).
  8910 | Lair:3   | 8910 ||| Stepping ~*~*~tactically~*~*~ (outnumbered).
  8913 | Lair:3   | 8913 ||| INVOKING Heroism.
  8938 | Lair:3   | Killed Amaemon
  8938 | Lair:3   | Reached ***** piety under Okawaru
  8939 | Lair:3   | Reached skill level 9 in Invocations
  9153 | Lair:3   | Found a staircase to the Shoals.
  9163 | Lair:3   | Noticed a boulder beetle
  9164 | Lair:3   | 9164 ||| INVOKING Heroism.
  9167 | Lair:3   | 9167 ||| INVOKING Finesse.
  9185 | Lair:3   | Killed a boulder beetle
  9236 | Lair:3   | Noticed Nergalle
  9237 | Lair:3   | 9237 ||| INVOKING Heroism.
  9247 | Lair:3   | Killed Nergalle
  9448 | Lair:3   | Reached XP level 13. HP: 82/82 MP: 20/20
  9876 | Lair:4   | 9876 ||| FLEEEEING.
  9877 | Lair:4   | 9877 ||| FLEEEEING.
  9878 | Lair:4   | 9878 ||| FLEEEEING.
  9879 | Lair:4   | 9879 ||| FLEEEEING.
  9880 | Lair:4   | 9880 ||| FLEEEEING.
  9882 | Lair:4   | 9882 ||| FLEEEEING.
  9883 | Lair:4   | 9883 ||| FLEEEEING.
  9884 | Lair:4   | 9884 ||| FLEEEEING.
  9885 | Lair:4   | 9885 ||| STAIRDANCE
  9925 | Lair:4   | 9925 ||| STAIRDANCE
  9927 | Lair:3   | 9927 ||| INVOKING Heroism.
 10009 | Lair:4   | Found a runed translucent gate.
 10010 | Lair:4   | Found a runed translucent gate.
 10011 | Lair:4   | Found a runed translucent gate.
 10039 | Lair:4   | 10039 ||| INVOKING Heroism.
 10178 | Lair:4   | 10178 ||| INVOKING Heroism.
 10202 | Lair:4   | 10202 ||| INVOKING Heroism.
 10268 | Lair:4   | Reached skill level 11 in Fighting
 10579 | Lair:4   | Identified the +1 helmet of the Nexus {Int+3 SInv Stlth-}
                  | (Okawaru gifted it to you on level 4 of the Lair of Beasts)
 10579 | Lair:4   | Received a gift from Okawaru
 10796 | Lair:4   | Noticed an ice dragon
 10846 | Lair:4   | 10846 ||| UPGRADING to +1 helmet of the Nexus {Int+3 SInv
                  | Stlth-}.
 10856 | Lair:4   | 10856 ||| DROPPING +2 hat.
 10857 | Lair:4   | 10857 ||| READING scroll labelled POERHI LURUJ.
 10866 | Lair:5   | Entered Level 5 of the Lair of Beasts
 10902 | Lair:5   | 10902 ||| INVOKING Heroism.
 10927 | Lair:5   | 10927 ||| INVOKING Finesse.
 10936 | Lair:5   | 10936 ||| INVOKING Heroism.
 11027 | Lair:5   | Reached skill level 12 in Fighting
 11086 | Lair:5   | 11086 ||| FLEEEEING.
 11089 | Lair:5   | 11089 ||| FLEEEEING.
 11090 | Lair:5   | 11090 ||| FLEEEEING.
 11091 | Lair:5   | 11091 ||| FLEEEEING.
 11092 | Lair:5   | 11092 ||| FLEEEEING.
 11093 | Lair:5   | 11093 ||| FLEEEEING.
 11094 | Lair:5   | 11094 ||| FLEEEEING.
 11095 | Lair:5   | 11095 ||| FLEEEEING.
 11096 | Lair:5   | 11096 ||| FLEEEEING.
 11097 | Lair:5   | 11097 ||| FLEEEEING.
 11098 | Lair:5   | 11098 ||| FLEEEEING.
 11100 | Lair:5   | 11100 ||| FLEEEEING.
 11101 | Lair:5   | 11101 ||| FLEEEEING.
 11102 | Lair:5   | 11102 ||| FLEEEEING.
 11108 | Lair:5   | 11108 ||| INVOKING Heroism.
 11170 | Lair:5   | Reached skill level 6 in Armour
 11183 | Lair:5   | 11183 ||| INVOKING Heroism.
 11185 | Lair:5   | 11185 ||| Stepping ~*~*~tactically~*~*~ (outnumbered).
 11259 | Lair:5   | 11259 ||| INVOKING Heroism.
 11279 | Lair:5   | Reached skill level 6 in Dodging
 11302 | Lair:5   | 11302 ||| INVOKING Heroism.
 11340 | Lair:5   | Found a viscous altar of Jiyva.
 11340 | Lair:5   | Found a staircase to the Slime Pits.
 11347 | Lair:5   | 11347 ||| FLEEEEING.
 11467 | Lair:5   | 11467 ||| INVOKING Heroism.
 11563 | Lair:5   | 11563 ||| READING scroll of enchant armour.
 11563 | Lair:5   | 11563 ||| ENCHANTING +0 pair of gloves.
 11602 | Lair:5   | 11602 ||| INVOKING Heroism.
 11613 | Lair:5   | Reached skill level 13 in Fighting
 11661 | Lair:5   | 11661 ||| INVOKING Heroism.
 11670 | Lair:5   | Noticed Rupert
 11671 | Lair:5   | 11671 ||| INVOKING Finesse.
 11689 | Lair:5   | Paralysed by Rupert for 3 turns
 11699 | Lair:5   | Killed Rupert
 11700 | Lair:5   | Gained mutation: Your large and strong wings let you fly.
                  | [Gargoyle growth]
 11700 | Lair:5   | Reached XP level 14. HP: 73/94 MP: 16/21
 11700 | Lair:5   | 11700 ||| SWAPPING to +8 arbalest of Ralahie {antimagic,
                  | Dex+2}.
 11733 | Lair:5   | 11733 ||| DROPPING +1 orcbow of freezing.
 11784 | Lair:5   | 11784 ||| INVOKING Heroism.
 11799 | Lair:5   | 11799 ||| INVOKING Finesse.
 12116 | Lair:5   | 12116 ||| INVOKING Heroism.
 12218 | Lair:5   | 12218 ||| INVOKING Heroism.
 12422 | Lair:5   | 12422 ||| PLANNING D:1-11
 12422 | Lair:5   | 12422 ||| READING scroll labelled SOMICU JIUCRAOFF.
 12550 | D:8      | Noticed Gastronok
 12561 | D:8      | Killed Gastronok
 12725 | D:8      | 12725 ||| DROPPING ring of ice.
 12726 | D:8      | 12726 ||| READING scroll labelled ROSECL IWONAFU.
 12827 | D:8      | 12827 ||| READING 6 scrolls of identify.
 12827 | D:8      | 12827 ||| IDENTIFYING red potion
 12906 | D:9      | Found a transporter.
 12906 | D:9      | Found the +5 Lochaber axe {reach-cleave, Poleaxe Drain}
 12917 | D:9      | 12917 ||| READING scroll of enchant armour.
 12917 | D:9      | 12917 ||| ENCHANTING +1 pair of gloves.
 12938 | D:9      | Found a transporter.
 13142 | D:9      | 13142 ||| INVOKING Heroism.
 13161 | D:9      | 13161 ||| DRINKING 2 potions of curing.
 13161 | D:9      | 13161 ||| (to cure confusion)
 13169 | D:9      | 13169 ||| DRINKING potion of curing.
 13169 | D:9      | 13169 ||| (to cure confusion)
 13201 | D:9      | 13201 ||| INVOKING Heroism.
 13243 | D:9      | 13243 ||| INVOKING Heroism.
 13357 | D:9      | Found a blossoming altar of Fedhas.
 13630 | D:10     | Entered Level 10 of the Dungeon
 13631 | D:10     | Noticed Josephine
 13641 | D:10     | Killed Josephine
 13680 | D:10     | Identified the +3 morningstar "Gargoyle's Curse" {freeze,
                  | Contam Str+5 Dex+3}
 13756 | D:10     | Noticed Joseph
 13761 | D:10     | Killed Joseph
 13780 | D:10     | 13780 ||| FLEEEEING.
 13904 | D:10     | 13904 ||| Stepping ~*~*~tactically~*~*~ (outnumbered).
 13907 | D:10     | 13907 ||| Stepping ~*~*~tactically~*~*~ (outnumbered).
 13908 | D:10     | 13908 ||| Stepping ~*~*~tactically~*~*~ (outnumbered).
 13910 | D:10     | 13910 ||| Stepping ~*~*~tactically~*~*~ (outnumbered).
 13915 | D:10     | 13915 ||| Stepping ~*~*~tactically~*~*~ (outnumbered).
 13918 | D:10     | 13918 ||| Stepping ~*~*~tactically~*~*~ (outnumbered).
 13921 | D:10     | 13921 ||| Stepping ~*~*~tactically~*~*~ (outnumbered).
 13922 | D:10     | Received a gift from Okawaru
 13995 | D:10     | Found a staircase to the Orcish Mines.
 14019 | D:10     | 14019 ||| DROPPING ring of wizardry.
 14072 | D:11     | Noticed Psyche
 14075 | D:11     | Killed Psyche
 14365 | D:11     | 14365 ||| READING scroll of enchant armour.
 14365 | D:11     | 14365 ||| ENCHANTING +1 cloak.
 14467 | D:11     | 14467 ||| Stepping ~*~*~tactically~*~*~ (outnumbered).
 14575 | D:10     | Found a shadowy altar of Dithmenos.
 14955 | D:11     | 14955 ||| PLANNING D
 15050 | D:12     | Reached skill level 18 in Ranged Weapons
 15210 | D:12     | 15210 ||| Stepping ~*~*~tactically~*~*~ (outnumbered).
 15212 | D:12     | 15212 ||| Stepping ~*~*~tactically~*~*~ (outnumbered).
 15217 | D:12     | 15217 ||| Stepping ~*~*~tactically~*~*~ (outnumbered).
 15238 | D:12     | Reached ****** piety under Okawaru
 15251 | D:12     | 15251 ||| INVOKING Heroism.
 15252 | D:12     | 15252 ||| Stepping ~*~*~tactically~*~*~ (outnumbered).
 15263 | D:12     | Received a gift from Okawaru
 15312 | D:12     | 15312 ||| DROPPING +1 heavy arbalest.
 15529 | D:12     | Reached skill level 14 in Fighting
 15679 | D:12     | Found a portal to a secret trove of treasure.
 15724 | D:12     | 15724 ||| READING scroll labelled DOKLY BAATSUNGE.
 15765 | D:13     | Reached XP level 15. HP: 100/100 MP: 7/22
 15806 | D:13     | Found a frozen archway.
 16226 | D:13     | 16226 ||| INVOKING Heroism.
 16229 | D:13     | 16229 ||| READING 7 scrolls of teleportation.
 16281 | D:13     | Found a gate to the Vaults.
 16282 | D:13     | 16282 ||| Stepping ~*~*~tactically~*~*~ (outnumbered).
 16284 | D:13     | 16284 ||| Stepping ~*~*~tactically~*~*~ (outnumbered).
 16296 | D:13     | Identified the +3 scale mail of Day {Rampage Str+4 Int+3}
                  | (Okawaru gifted it to you on level 13 of the Dungeon)
 16296 | D:13     | Received a gift from Okawaru
 16306 | D:13     | 16306 ||| INVOKING Heroism.
 16312 | D:13     | HP: 25/100 [vault guard/+0 long sword (12)]
 16313 | D:13     | 16313 ||| READING 6 scrolls of teleportation.
 16426 | D:13     | 16426 ||| Stepping ~*~*~tactically~*~*~ (outnumbered).
 16429 | D:13     | Reached skill level 9 in Dodging
 16587 | D:13     | You are sucked into a shaft and drop 2 floors!
 16587 | D:15     | Entered Level 15 of the Dungeon
 16628 | D:14     | Found an iron altar of Okawaru.
 16636 | D:14     | Identified the +7 falchion "Jellybane" {flame, Int+7}
 16736 | D:14     | Found a transporter.
 16764 | D:14     | Identified the +6 glaive of Pain and Death {flame, rPois
                  | rC+ Int-2 SInv Stlth+}
 17487 | D:14     | Reached skill level 15 in Fighting
 17492 | D:14     | 17492 ||| INVOKING Heroism.
 17699 | D:14     | Noticed Kapsuk's ghost (journeyman DECj)
 17700 | D:14     | Identified the +10 great mace of Asek {freeze, rN+ Int+3
                  | Dex+2}
 17700 | D:14     | Noticed a frost giant
 17739 | D:14     | Noticed Roxanne
 17740 | D:14     | 17740 ||| INVOKING Heroism.
 17741 | D:14     | 17741 ||| INVOKING Finesse.
 17756 | D:14     | Killed Roxanne
 17933 | D:14     | 17933 ||| DROPPING +2 pair of gloves.
 18005 | D:15     | 18005 ||| READING scroll of acquirement.
 18005 | D:15     | 18005 ||| ACQUIRING ring of Gubiroej {rF+ rC+ Stlth+}
 18005 | D:15     | Acquired the ring of Gubiroej {rF+ rC+ Stlth+}
 18007 | D:15     | 18007 ||| DROPPING ring of protection from fire.
 18044 | D:15     | 18044 ||| INVOKING Heroism.
 18077 | D:15     | Received a gift from Okawaru
 18180 | D:15     | 18180 ||| INVOKING Heroism.
 18192 | D:15     | Reached skill level 16 in Fighting
 18290 | D:15     | 18290 ||| INVOKING Heroism.
 18442 | D:15     | Identified the +6 scale mail of the Morning Star {Int+3
                  | Dex+2} (Okawaru gifted it to you on level 15 of the
                  | Dungeon)
 18442 | D:15     | Received a gift from Okawaru
 18697 | D:15     | 18697 ||| INVOKING Heroism.
 18720 | D:15     | Found a staircase to the Depths.
 18965 | D:15     | 18965 ||| PLANNING ORC
 18965 | D:15     | 18965 ||| DROPPING ring of magical power.
 19117 | Orc:1    | Entered Level 1 of the Orcish Mines
 19119 | Orc:1    | Reached XP level 16. HP: 110/110 MP: 7/23
 19220 | Orc:1    | 19220 ||| INVOKING Heroism.
 19307 | Orc:1    | 19307 ||| INVOKING Heroism.
 19541 | Orc:2    | Entered Level 2 of the Orcish Mines
 19585 | Orc:2    | 19585 ||| INVOKING Heroism.
 19589 | Orc:2    | 19589 ||| INVOKING Finesse.
 19613 | Orc:2    | Reached skill level 9 in Armour
 19616 | Orc:2    | HP: 17/110 [orc priest/divine providence (14)]
 19617 | Orc:2    | 19617 ||| READING 5 scrolls of teleportation.
 19618 | Orc:2    | 19618 ||| DRINKING 3 potions of heal wounds.
 19668 | Orc:2    | 19668 ||| INVOKING Heroism.
 19700 | Orc:2    | 19700 ||| INVOKING Heroism.
 19759 | Orc:2    | 19759 ||| Stepping ~*~*~tactically~*~*~ (outnumbered).
 19761 | Orc:2    | 19761 ||| Stepping ~*~*~tactically~*~*~ (outnumbered).
 19763 | Orc:2    | 19763 ||| Stepping ~*~*~tactically~*~*~ (outnumbered).
 19765 | Orc:2    | 19765 ||| INVOKING Heroism.
 19786 | Orc:2    | Found Huelinnu's Distillery.
 19786 | Orc:2    | Found Myt Quen's Distillery.
 19789 | Orc:2    | Found Laimiod's Assorted Antiques.
 19791 | Orc:2    | Found Vinauz's Assorted Antiques.
 19794 | Orc:2    | 19794 ||| BUYING potion of curing (54 gold).
 19794 | Orc:2    | Bought a potion of curing for 54 gold pieces
 19794 | Orc:2    | 19794 ||| BUYING potion of enlightenment (90 gold).
 19794 | Orc:2    | Bought a potion of enlightenment for 90 gold pieces
 19794 | Orc:2    | 19794 ||| BUYING potion of haste (180 gold).
 19794 | Orc:2    | Bought a potion of haste for 180 gold pieces
 19794 | Orc:2    | 19794 ||| BUYING potion of haste (180 gold).
 19794 | Orc:2    | Bought a potion of haste for 180 gold pieces
 19794 | Orc:2    | 19794 ||| BUYING potion of heal wounds (90 gold).
 19794 | Orc:2    | Bought a potion of heal wounds for 90 gold pieces
 19794 | Orc:2    | 19794 ||| BUYING potion of mutation (144 gold).
 19794 | Orc:2    | Bought a potion of mutation for 144 gold pieces
 19795 | Orc:2    | 19795 ||| BUYING 2 potions of curing (162 gold).
 19795 | Orc:2    | Bought 2 potions of curing for 162 gold pieces
 19795 | Orc:2    | 19795 ||| BUYING glowing scarf (216 gold).
 19795 | Orc:2    | Bought a glowing scarf for 216 gold pieces
 19797 | Orc:2    | 19797 ||| BUYING potion of heal wounds (120 gold).
 19797 | Orc:2    | Bought a potion of heal wounds for 120 gold pieces
 19797 | Orc:2    | 19797 ||| BUYING potion of heal wounds (120 gold).
 19797 | Orc:2    | Bought a potion of heal wounds for 120 gold pieces
 19797 | Orc:2    | 19797 ||| BUYING scroll of brand weapon (228 gold).
 19797 | Orc:2    | Bought a scroll of brand weapon for 228 gold pieces
 19798 | Orc:2    | 19798 ||| BUYING 2 potions of curing (78 gold).
 19798 | Orc:2    | Bought 2 potions of curing for 78 gold pieces
 19798 | Orc:2    | 19798 ||| BUYING potion of curing (39 gold).
 19798 | Orc:2    | Bought a potion of curing for 39 gold pieces
 19798 | Orc:2    | 19798 ||| BUYING potion of enlightenment (65 gold).
 19798 | Orc:2    | Bought a potion of enlightenment for 65 gold pieces
 19798 | Orc:2    | 19798 ||| BUYING potion of enlightenment (65 gold).
 19798 | Orc:2    | Bought a potion of enlightenment for 65 gold pieces
 19798 | Orc:2    | 19798 ||| BUYING potion of might (52 gold).
 19798 | Orc:2    | Bought a potion of might for 52 gold pieces
 19798 | Orc:2    | 19798 ||| BUYING potion of might (52 gold).
 19798 | Orc:2    | Bought a potion of might for 52 gold pieces
 19816 | Orc:2    | 19816 ||| Stepping ~*~*~tactically~*~*~ (outnumbered).
 19820 | Orc:2    | 19820 ||| Stepping ~*~*~tactically~*~*~ (outnumbered).
 19893 | Orc:2    | 19893 ||| INVOKING Heroism.
 19911 | Orc:2    | 19911 ||| DRINKING 8 potions of curing.
 19911 | Orc:2    | 19911 ||| (to cure confusion)
 19966 | Orc:2    | Found a staircase to the Elven Halls.
 19978 | Orc:2    | 19978 ||| INVOKING Heroism.
 20088 | Orc:2    | 20088 ||| INVOKING Heroism.
 20125 | Orc:2    | 20125 ||| INVOKING Heroism.
 20167 | Orc:2    | 20167 ||| INVOKING Heroism.
 20179 | Orc:2    | Reached skill level 17 in Fighting
 20227 | Orc:2    | 20227 ||| Stepping ~*~*~tactically~*~*~ (outnumbered).
 20230 | Orc:2    | 20230 ||| INVOKING Heroism.
 20473 | Orc:2    | 20473 ||| PLANNING SPIDER:1-3
 20473 | Orc:2    | 20473 ||| DROPPING scarf of shadows.
 20624 | Spider:1 | Entered Level 1 of the Spider Nest
 20733 | Spider:1 | 20733 ||| INVOKING Heroism.
 20741 | Spider:1 | HP: 9/112 [radroach (36)]
 20742 | Spider:1 | 20742 ||| READING 5 scrolls of teleportation.
 20743 | Spider:1 | 20743 ||| DRINKING 5 potions of heal wounds.
 20913 | Spider:1 | 20913 ||| INVOKING Heroism.
 21259 | Spider:1 | 21259 ||| INVOKING Heroism.
 21317 | Spider:1 | 21317 ||| Stepping ~*~*~tactically~*~*~ (outnumbered).
 21328 | Spider:1 | 21328 ||| DRINKING 8 potions of curing.
 21328 | Spider:1 | 21328 ||| (to cure confusion)
 21331 | Spider:1 | Reached skill level 18 in Fighting
 21470 | Spider:1 | 21470 ||| INVOKING Heroism.
 21482 | Spider:1 | HP: 27/114 [meliai/divine providence (14)]
 21483 | Spider:1 | 21483 ||| READING 4 scrolls of teleportation.
 21485 | Spider:1 | 21485 ||| DRINKING 5 potions of heal wounds.
 21592 | Spider:1 | 21592 ||| INVOKING Heroism.
 21722 | Spider:2 | Identified the +6 war axe of Laceration {drain, rElec rCorr
                  | Str-2}
 21744 | Spider:2 | Identified the +1 great sword of Action {antimagic, Int+3}
 21823 | Spider:2 | 21823 ||| INVOKING Heroism.
 21861 | Spider:2 | 21861 ||| INVOKING Finesse.
 21862 | Spider:2 | 21862 ||| INVOKING Finesse.
 22034 | Spider:2 | 22034 ||| INVOKING Finesse.
 22047 | Spider:2 | Received a gift from Okawaru
 22093 | Spider:2 | 22093 ||| DROPPING +1 heavy arbalest.
 22108 | Spider:2 | You are sucked into a shaft and drop 1 floor!
 22119 | Spider:3 | Reached XP level 17. HP: 115/119 MP: 8/24
 22163 | Spider:3 | 22163 ||| INVOKING Heroism.
 22174 | Spider:3 | 22174 ||| Stepping ~*~*~tactically~*~*~ (outnumbered).
 22176 | Spider:3 | 22176 ||| Stepping ~*~*~tactically~*~*~ (outnumbered).
 22181 | Spider:3 | 22181 ||| Stepping ~*~*~tactically~*~*~ (outnumbered).
 22224 | Spider:3 | 22224 ||| INVOKING Finesse.
 22240 | Spider:3 | 22240 ||| DRINKING 7 potions of curing.
 22240 | Spider:3 | 22240 ||| (to cure confusion)
 22320 | Spider:2 | 22320 ||| INVOKING Heroism.
 22453 | Spider:2 | 22453 ||| INVOKING Heroism.
 22461 | Spider:2 | Reached skill level 19 in Fighting
 22580 | Spider:2 | Found a runed translucent door.
 22842 | Spider:3 | 22842 ||| INVOKING Heroism.
 22874 | Spider:3 | 22874 ||| INVOKING Finesse.
 22997 | Spider:3 | 22997 ||| INVOKING Finesse.
 23228 | Spider:3 | 23228 ||| PLANNING SHOALS:1-3
 23228 | Spider:3 | 23228 ||| DROPPING amulet of guardian spirit.
 23368 | Shoals:1 | Entered Level 1 of the Shoals
 23374 | Shoals:1 | 23374 ||| INVOKING Heroism.
 23418 | Shoals:1 | Received a gift from Okawaru
 23471 | Shoals:1 | 23471 ||| INVOKING Heroism.
 23533 | Shoals:1 | Reached skill level 12 in Dodging
 23541 | Shoals:1 | Noticed Frances
 23542 | Shoals:1 | 23542 ||| INVOKING Heroism.
 23554 | Shoals:1 | Killed Frances
 23618 | Shoals:1 | 23618 ||| INVOKING Heroism.
 23719 | Shoals:1 | 23719 ||| Stepping ~*~*~tactically~*~*~ (cloud).
 23723 | Shoals:1 | 23723 ||| Stepping ~*~*~tactically~*~*~ (cloud).
 23729 | Shoals:1 | 23729 ||| FLEEEEING.
 23735 | Shoals:1 | 23735 ||| Stepping ~*~*~tactically~*~*~ (cloud).
 23949 | Shoals:1 | 23949 ||| INVOKING Heroism.
 23969 | Shoals:1 | Received a gift from Okawaru
 23975 | Shoals:1 | 23975 ||| SWAPPING to +0 longbow of draining.
 24060 | Shoals:1 | 24060 ||| READING 4 scrolls of enchant weapon.
 24060 | Shoals:1 | 24060 ||| ENCHANTING +0 longbow of draining.
 24061 | Shoals:1 | 24061 ||| READING 3 scrolls of enchant weapon.
 24061 | Shoals:1 | 24061 ||| ENCHANTING +1 longbow of draining.
 24062 | Shoals:1 | 24062 ||| READING 2 scrolls of enchant weapon.
 24062 | Shoals:1 | 24062 ||| ENCHANTING +2 longbow of draining.
 24063 | Shoals:1 | 24063 ||| DROPPING +8 arbalest of Ralahie {antimagic,
                  | Dex+2}.
 24064 | Shoals:1 | 24064 ||| READING scroll of enchant weapon.
 24064 | Shoals:1 | 24064 ||| ENCHANTING +3 longbow of draining.
 24065 | Shoals:1 | 24065 ||| READING scroll of brand weapon.
 24065 | Shoals:1 | 24065 ||| BRANDING +4 longbow of draining.
 24253 | Shoals:1 | 24253 ||| INVOKING Heroism.
 24419 | Shoals:2 | 24419 ||| INVOKING Heroism.
 24490 | Shoals:2 | Noticed a kraken
 24588 | Shoals:2 | 24588 ||| INVOKING Heroism.
 24650 | Shoals:2 | 24650 ||| INVOKING Heroism.
 24727 | Shoals:2 | 24727 ||| INVOKING Heroism.
 24777 | Shoals:2 | 24777 ||| Stepping ~*~*~tactically~*~*~ (outnumbered).
 24782 | Shoals:2 | 24782 ||| INVOKING Heroism.
 24827 | Shoals:2 | Found a transporter.
 24875 | Shoals:2 | Killed a kraken
 24891 | Shoals:2 | 24891 ||| INVOKING Heroism.
 24919 | Shoals:2 | Noticed Ullipcorian's ghost (adept HOFi)
 24928 | Shoals:2 | Found a bloodstained altar of Trog.
 24948 | Shoals:2 | 24948 ||| INVOKING Heroism.
 25003 | Shoals:2 | Found a transporter.
 25016 | Shoals:2 | Reached XP level 18. HP: 129/129 MP: 25/25
 25340 | Shoals:2 | Noticed Louise
 25363 | Shoals:2 | Killed Louise
 25385 | Shoals:3 | 25385 ||| INVOKING Heroism.
 25515 | Shoals:3 | 25515 ||| INVOKING Heroism.
 25531 | Shoals:3 | Found Epefail's Island Escapes.
 25537 | Shoals:3 | 25537 ||| BUYING potion of enlightenment (75 gold).
 25537 | Shoals:3 | Bought a potion of enlightenment for 75 gold pieces
 25537 | Shoals:3 | 25537 ||| BUYING scroll of teleportation (45 gold).
 25537 | Shoals:3 | Bought a scroll of teleportation for 45 gold pieces
 25537 | Shoals:3 | 25537 ||| BUYING scroll of teleportation (45 gold).
 25537 | Shoals:3 | Bought a scroll of teleportation for 45 gold pieces
 25537 | Shoals:3 | 25537 ||| BUYING wand of digging (7) (441 gold).
 25537 | Shoals:3 | Bought a wand of digging (7) for 441 gold pieces
 25598 | Shoals:3 | 25598 ||| INVOKING Heroism.
 26146 | Shoals:3 | 26146 ||| PLANNING SPIDER:4
 26348 | Spider:4 | Entered Level 4 of the Spider Nest
 26349 | Spider:4 | 26349 ||| INVOKING Finesse.
 26475 | Spider:4 | 26475 ||| INVOKING Finesse.
 26481 | Spider:4 | 26481 ||| Stepping ~*~*~tactically~*~*~ (outnumbered).
 26482 | Spider:4 | 26482 ||| INVOKING Heroism.
 26490 | Spider:4 | 26490 ||| Stepping ~*~*~tactically~*~*~ (outnumbered).
 26697 | Spider:4 | 26697 ||| FLEEEEING.
 26698 | Spider:4 | 26698 ||| INVOKING Finesse.
 26703 | Spider:4 | Reached skill level 20 in Fighting
 26814 | Spider:4 | 26814 ||| Stepping ~*~*~tactically~*~*~ (outnumbered).
 26839 | Spider:4 | 26839 ||| INVOKING Heroism.
 26888 | Spider:4 | 26888 ||| Stepping ~*~*~tactically~*~*~ (outnumbered).
 26896 | Spider:4 | 26896 ||| INVOKING Heroism.
 26945 | Spider:4 | Received a gift from Okawaru
 26966 | Spider:4 | 26966 ||| Stepping ~*~*~tactically~*~*~ (outnumbered).
 27262 | Spider:4 | Got a gossamer rune of Zot
 27533 | Spider:4 | 27533 ||| PLANNING VAULTS:1-4
 27533 | Spider:4 | 27533 ||| DROPPING scarf of shadows.
 27788 | Vaults:1 | Entered Level 1 of the Vaults
 27839 | Vaults:1 | 27839 ||| FLEEEEING.
 27843 | Vaults:1 | 27843 ||| FLEEEEING.
 27844 | Vaults:1 | 27844 ||| FLEEEEING.
 27845 | Vaults:1 | 27845 ||| FLEEEEING.
 27846 | Vaults:1 | 27846 ||| FLEEEEING.
 27847 | Vaults:1 | 27847 ||| FLEEEEING.
 27848 | Vaults:1 | 27848 ||| FLEEEEING.
 27849 | Vaults:1 | 27849 ||| FLEEEEING.
 27850 | Vaults:1 | 27850 ||| FLEEEEING.
 27851 | Vaults:1 | 27851 ||| FLEEEEING.
 27857 | Vaults:1 | 27857 ||| FLEEEEING.
 27858 | Vaults:1 | 27858 ||| FLEEEEING.
 27859 | Vaults:1 | 27859 ||| FLEEEEING.
 27860 | Vaults:1 | 27860 ||| FLEEEEING.
 27861 | Vaults:1 | 27861 ||| FLEEEEING.
 27862 | Vaults:1 | 27862 ||| FLEEEEING.
 27863 | Vaults:1 | 27863 ||| FLEEEEING.
 27864 | Vaults:1 | 27864 ||| FLEEEEING.
 27865 | Vaults:1 | 27865 ||| FLEEEEING.
 27866 | Vaults:1 | 27866 ||| FLEEEEING.
 27867 | Vaults:1 | 27867 ||| FLEEEEING.
 27868 | Vaults:1 | 27868 ||| FLEEEEING.
 27869 | Vaults:1 | 27869 ||| FLEEEEING.
 27870 | Vaults:1 | 27870 ||| FLEEEEING.
 27871 | Vaults:1 | 27871 ||| FLEEEEING.
 27927 | Vaults:1 | 27927 ||| Stepping ~*~*~tactically~*~*~ (outnumbered).
 28086 | Vaults:1 | 28086 ||| INVOKING Heroism.
 28087 | Vaults:1 | 28087 ||| INVOKING Finesse.
 28201 | Vaults:1 | 28201 ||| INVOKING Heroism.
 28210 | Vaults:1 | 28210 ||| Stepping ~*~*~tactically~*~*~ (outnumbered).
 28210 | Vaults:1 | HP: 30/131 [yaktaur captain/bolt (28)]
 28211 | Vaults:1 | 28211 ||| READING 7 scrolls of teleportation.
 28212 | Vaults:1 | 28212 ||| DRINKING 6 potions of heal wounds.
 28351 | Vaults:1 | Reached skill level 21 in Fighting
 28696 | Vaults:1 | 28696 ||| INVOKING Heroism.
 28697 | Vaults:1 | 28697 ||| INVOKING Finesse.
 28759 | Vaults:1 | Reached XP level 19. HP: 138/138 MP: 26/26
 28843 | Vaults:1 | 28843 ||| INVOKING Heroism.
 28844 | Vaults:1 | 28844 ||| INVOKING Finesse.
 28931 | Vaults:1 | 28931 ||| FLEEEEING.
 28932 | Vaults:1 | 28932 ||| FLEEEEING.
 28933 | Vaults:1 | 28933 ||| FLEEEEING.
 28934 | Vaults:1 | 28934 ||| FLEEEEING.
 28935 | Vaults:1 | 28935 ||| FLEEEEING.
 28941 | Vaults:1 | 28941 ||| FLEEEEING.
 28942 | Vaults:1 | 28942 ||| FLEEEEING.
 28967 | Vaults:1 | 28967 ||| INVOKING Heroism.
 28968 | Vaults:1 | 28968 ||| INVOKING Finesse.
 28980 | Vaults:1 | Identified the +6 mace of Fadapnumu {vamp, rElec Int+3}
 29001 | Vaults:1 | Reached skill level 22 in Fighting
 29212 | Vaults:1 | Received a gift from Okawaru
 29238 | Vaults:1 | Noticed an Ice Fiend
 29238 | Vaults:1 | 29238 ||| DRINKING 3 potions of resistance.
 29239 | Vaults:1 | 29239 ||| INVOKING Heroism.
 29240 | Vaults:1 | 29240 ||| INVOKING Finesse.
 29334 | Vaults:1 | 29334 ||| DROPPING +0 cloak of stealth.
 29457 | Vaults:1 | Reached skill level 12 in Armour
 29575 | Vaults:1 | 29575 ||| INVOKING Heroism.
 29576 | Vaults:1 | 29576 ||| INVOKING Finesse.
 29930 | Vaults:2 | 29930 ||| FLEEEEING.
 29931 | Vaults:2 | 29931 ||| FLEEEEING.
 29932 | Vaults:2 | 29932 ||| FLEEEEING.
 29934 | Vaults:2 | 29934 ||| STAIRDANCE
 29987 | Vaults:2 | 29987 ||| Stepping ~*~*~tactically~*~*~ (outnumbered).
 30092 | Vaults:2 | Found a runed translucent door.
 30109 | Vaults:2 | Noticed qw's ghost (adept MiHs)
 30235 | Vaults:2 | 30235 ||| FLEEEEING.
 30400 | Vaults:2 | 30400 ||| INVOKING Heroism.
 30401 | Vaults:2 | 30401 ||| INVOKING Finesse.
 30548 | Vaults:2 | 30548 ||| Stepping ~*~*~tactically~*~*~ (outnumbered).
 30686 | Vaults:2 | 30686 ||| Stepping ~*~*~tactically~*~*~ (outnumbered).
 30687 | Vaults:2 | 30687 ||| INVOKING Heroism.
 30688 | Vaults:2 | 30688 ||| INVOKING Finesse.
 30804 | Vaults:2 | Identified the +5 scale mail of Youthful Indiscretion
                  | {Rampage +Blink rPois}
 30985 | Vaults:2 | Reached skill level 23 in Fighting
 31148 | Vaults:3 | Received a gift from Okawaru
 31242 | Vaults:3 | Reached XP level 20. HP: 126/148 MP: 27/27
 31252 | Vaults:3 | 31252 ||| INVOKING Heroism.
 31275 | Vaults:3 | Identified the +4 chain mail of Pandemonium {Harm} (Okawaru
                  | gifted it to you on level 3 of the Vaults)
 31275 | Vaults:3 | Received a gift from Okawaru
 31283 | Vaults:3 | HP: 33/148 [vault guard/+2 halberd[a vault warden] (11)]
 31284 | Vaults:3 | 31284 ||| READING 6 scrolls of teleportation.
 31285 | Vaults:3 | 31285 ||| DRINKING 5 potions of heal wounds.
 31422 | Vaults:3 | 31422 ||| Stepping ~*~*~tactically~*~*~ (outnumbered).
 31463 | Vaults:3 | 31463 ||| Stepping ~*~*~tactically~*~*~ (outnumbered).
 31465 | Vaults:3 | 31465 ||| Stepping ~*~*~tactically~*~*~ (outnumbered).
 31467 | Vaults:3 | 31467 ||| Stepping ~*~*~tactically~*~*~ (outnumbered).
 31902 | Vaults:3 | 31902 ||| Stepping ~*~*~tactically~*~*~ (outnumbered).
 31937 | Vaults:3 | 31937 ||| INVOKING Heroism.
 32020 | Vaults:3 | 32020 ||| Stepping ~*~*~tactically~*~*~ (outnumbered).
 32168 | Vaults:3 | 32168 ||| Stepping ~*~*~tactically~*~*~ (outnumbered).
 32191 | Vaults:3 | 32191 ||| FLEEEEING.
 32192 | Vaults:3 | 32192 ||| FLEEEEING.
 32193 | Vaults:3 | 32193 ||| FLEEEEING.
 32194 | Vaults:3 | 32194 ||| FLEEEEING.
 32195 | Vaults:3 | 32195 ||| FLEEEEING.
 32197 | Vaults:3 | 32197 ||| FLEEEEING.
 32198 | Vaults:3 | 32198 ||| FLEEEEING.
 32199 | Vaults:3 | 32199 ||| FLEEEEING.
 32200 | Vaults:3 | 32200 ||| FLEEEEING.
 32201 | Vaults:3 | 32201 ||| FLEEEEING.
 32233 | Vaults:3 | Found Hedazicza's Book Shop.
 32288 | Vaults:3 | 32288 ||| Stepping ~*~*~tactically~*~*~ (outnumbered).
 32485 | Vaults:3 | Received a gift from Okawaru
 32552 | Vaults:3 | Found a staircase to the Crypt.
 32625 | Vaults:3 | 32625 ||| UPGRADING to +6 ring of dexterity.
 32627 | Vaults:3 | 32627 ||| DROPPING ring of protection from fire.
 32628 | Vaults:3 | 32628 ||| DROPPING ring "Guosa" {Fly EV+5}.
 32671 | Vaults:3 | 32671 ||| INVOKING Heroism.
 32688 | Vaults:3 | HP: 21/148 [vault warden simulacrum[a necromancer] (32)]
 32689 | Vaults:3 | 32689 ||| READING 5 scrolls of teleportation.
 32690 | Vaults:3 | 32690 ||| DRINKING 4 potions of heal wounds.
 32693 | Vaults:3 | 32693 ||| INVOKING Heroism.
 32694 | Vaults:3 | 32694 ||| FLEEEEING.
 32695 | Vaults:3 | 32695 ||| FLEEEEING.
 32696 | Vaults:3 | 32696 ||| FLEEEEING.
 32697 | Vaults:3 | 32697 ||| FLEEEEING.
 33124 | Vaults:4 | Paralysed by a great orb of eyes for 3 turns
 33182 | Vaults:4 | Found a runed translucent door.
 33182 | Vaults:4 | Noticed qw's ghost (veteran GrFi)
 33240 | Vaults:4 | Received a gift from Okawaru
 33293 | Vaults:4 | 33293 ||| Stepping ~*~*~tactically~*~*~ (outnumbered).
 33302 | Vaults:4 | 33302 ||| Stepping ~*~*~tactically~*~*~ (outnumbered).
 33345 | Vaults:4 | 33345 ||| INVOKING Heroism.
 33346 | Vaults:4 | 33346 ||| INVOKING Finesse.
 33439 | Vaults:4 | Reached skill level 15 in Dodging
 33482 | Vaults:4 | Identified the +3 scale mail "Nirooh" {Rampage Int+3}
 33675 | Vaults:4 | Reached XP level 21. HP: 132/154 MP: 28/28
 33719 | Vaults:4 | 33719 ||| FLEEEEING.
 33720 | Vaults:4 | 33720 ||| FLEEEEING.
 33721 | Vaults:4 | 33721 ||| FLEEEEING.
 33722 | Vaults:4 | 33722 ||| FLEEEEING.
 33723 | Vaults:4 | 33723 ||| FLEEEEING.
 33724 | Vaults:4 | 33724 ||| FLEEEEING.
 33725 | Vaults:4 | 33725 ||| FLEEEEING.
 33726 | Vaults:4 | 33726 ||| FLEEEEING.
 33730 | Vaults:4 | 33730 ||| FLEEEEING.
 33738 | Vaults:4 | 33738 ||| FLEEEEING.
 33739 | Vaults:4 | 33739 ||| FLEEEEING.
 33740 | Vaults:4 | 33740 ||| FLEEEEING.
 33741 | Vaults:4 | 33741 ||| FLEEEEING.
 33744 | Vaults:4 | 33744 ||| FLEEEEING.
 33745 | Vaults:4 | 33745 ||| FLEEEEING.
 33746 | Vaults:4 | 33746 ||| STAIRDANCE
 33848 | Vaults:3 | 33848 ||| UPGRADING to scarf of repulsion.
 33896 | Vaults:4 | 33896 ||| Stepping ~*~*~tactically~*~*~ (outnumbered).
 33898 | Vaults:4 | 33898 ||| Stepping ~*~*~tactically~*~*~ (outnumbered).
 33992 | Vaults:4 | 33992 ||| READING scroll of enchant weapon.
 33992 | Vaults:4 | 33992 ||| ENCHANTING +4 longbow of freezing.
 34030 | Vaults:4 | 34030 ||| Stepping ~*~*~tactically~*~*~ (outnumbered).
 34032 | Vaults:4 | 34032 ||| Stepping ~*~*~tactically~*~*~ (outnumbered).
 34044 | Vaults:4 | Received a gift from Okawaru
 34697 | Vaults:4 | 34697 ||| PLANNING SHOALS:4
 35014 | Shoals:4 | Entered Level 4 of the Shoals
 35017 | Shoals:4 | Noticed Mara
 35018 | Shoals:4 | 35018 ||| INVOKING Heroism.
 35024 | Shoals:4 | 35024 ||| Stepping ~*~*~tactically~*~*~ (outnumbered).
 35026 | Shoals:4 | 35026 ||| Stepping ~*~*~tactically~*~*~ (outnumbered).
 35027 | Shoals:4 | 35027 ||| INVOKING Finesse.
 35037 | Shoals:4 | 35037 ||| Stepping ~*~*~tactically~*~*~ (outnumbered).
 35038 | Shoals:4 | 35038 ||| Stepping ~*~*~tactically~*~*~ (outnumbered).
 35047 | Shoals:4 | 35047 ||| Stepping ~*~*~tactically~*~*~ (outnumbered).
 35052 | Shoals:4 | Noticed qw's illusion
 35055 | Shoals:4 | 35055 ||| Stepping ~*~*~tactically~*~*~ (outnumbered).
 35082 | Shoals:4 | 35082 ||| INVOKING Finesse.
 35155 | Shoals:4 | Killed Mara
 35155 | Shoals:4 | Received a gift from Okawaru
 35173 | Shoals:4 | 35173 ||| INVOKING Heroism.
 35392 | Shoals:4 | 35392 ||| Stepping ~*~*~tactically~*~*~ (outnumbered).
 35430 | Shoals:4 | Identified the staff "Boepsuf" {rF+ Int+4 Dex+4 Fire}
 35439 | Shoals:4 | 35439 ||| Stepping ~*~*~tactically~*~*~ (outnumbered).
 35448 | Shoals:4 | 35448 ||| Stepping ~*~*~tactically~*~*~ (outnumbered).
 35473 | Shoals:4 | 35473 ||| Stepping ~*~*~tactically~*~*~ (outnumbered).
 35479 | Shoals:4 | 35479 ||| Stepping ~*~*~tactically~*~*~ (outnumbered).
 35490 | Shoals:4 | 35490 ||| Stepping ~*~*~tactically~*~*~ (outnumbered).
 35491 | Shoals:4 | 35491 ||| Stepping ~*~*~tactically~*~*~ (outnumbered).
 35493 | Shoals:4 | Reached skill level 24 in Fighting
 35495 | Shoals:4 | 35495 ||| Stepping ~*~*~tactically~*~*~ (outnumbered).
 35521 | Shoals:4 | 35521 ||| INVOKING Heroism.
 35588 | Shoals:4 | Got a barnacled rune of Zot
 35597 | Shoals:4 | 35597 ||| Stepping ~*~*~tactically~*~*~ (outnumbered).
 35601 | Shoals:4 | 35601 ||| Stepping ~*~*~tactically~*~*~ (outnumbered).
 35640 | Shoals:4 | 35640 ||| FLEEEEING.
 35641 | Shoals:4 | 35641 ||| FLEEEEING.
 35642 | Shoals:4 | 35642 ||| FLEEEEING.
 36006 | Shoals:4 | 36006 ||| PLANNING DEPTHS
 36006 | Shoals:4 | 36006 ||| DROPPING +0 cloak of stealth.
 36007 | Shoals:4 | 36007 ||| DROPPING ring of resist corrosion.
 36291 | Depths:1 | Entered Level 1 of the Depths
 36291 | Depths:1 | Found a gateway to Hell.
 36323 | Depths:1 | 36323 ||| Stepping ~*~*~tactically~*~*~ (cloud).
 36386 | Depths:1 | Found a shadowy altar of Dithmenos.
 36387 | Depths:1 | 36387 ||| INVOKING Finesse.
 36420 | Depths:1 | Received a gift from Okawaru
 36428 | Depths:1 | Paralysed by a floating eye for 4 turns
 36433 | Depths:1 | 36433 ||| INVOKING Heroism.
 36437 | Depths:1 | Paralysed by a floating eye for 4 turns
 36448 | Depths:1 | Paralysed by a floating eye for 2 turns
 36460 | Depths:1 | Paralysed by a floating eye for 2 turns
 36466 | Depths:1 | Reached skill level 18 in Dodging
 36469 | Depths:1 | Paralysed by a floating eye for 4 turns
 36608 | Depths:1 | Reached XP level 22. HP: 161/161 MP: 29/29
 36643 | Depths:1 | 36643 ||| INVOKING Finesse.
 36732 | Depths:1 | 36732 ||| INVOKING Heroism.
 36733 | Depths:1 | 36733 ||| INVOKING Finesse.
 36881 | Depths:1 | Found a one-way gate leading to the halls of Pandemonium.
 37043 | Depths:1 | 37043 ||| INVOKING Finesse.
 37099 | Depths:1 | 37099 ||| INVOKING Heroism.
 37232 | Depths:2 | 37232 ||| INVOKING Heroism.
 37233 | Depths:2 | 37233 ||| INVOKING Finesse.
 37300 | Depths:2 | Received a gift from Okawaru
 37338 | Depths:2 | Reached skill level 25 in Fighting
 37406 | Depths:2 | Found a one-way gateway to a ziggurat.
 37463 | Depths:2 | 37463 ||| INVOKING Heroism.
 37465 | Depths:2 | 37465 ||| INVOKING Finesse.
 37850 | Depths:2 | 37850 ||| INVOKING Heroism.
 37851 | Depths:2 | 37851 ||| INVOKING Finesse.
 37917 | Depths:2 | 37917 ||| DROPPING +0 pair of boots of flying.
 37923 | Depths:2 | 37923 ||| FLEEEEING.
 37991 | Depths:2 | 37991 ||| Stepping ~*~*~tactically~*~*~ (outnumbered).
 38006 | Depths:2 | 38006 ||| INVOKING Heroism.
 38019 | Depths:2 | HP: 37/166 [spriggan defender/+2 antimagic quick blade
                  | (17)]
 38020 | Depths:2 | 38020 ||| READING 6 scrolls of teleportation.
 38021 | Depths:2 | 38021 ||| DRINKING 4 potions of heal wounds.
 38137 | Depths:2 | 38137 ||| FLEEEEING.
 38138 | Depths:2 | 38138 ||| FLEEEEING.
 38139 | Depths:2 | 38139 ||| FLEEEEING.
 38140 | Depths:2 | 38140 ||| FLEEEEING.
 38141 | Depths:2 | 38141 ||| FLEEEEING.
 38142 | Depths:2 | 38142 ||| FLEEEEING.
 38150 | Depths:2 | 38150 ||| FLEEEEING.
 38151 | Depths:2 | 38151 ||| FLEEEEING.
 38152 | Depths:2 | 38152 ||| FLEEEEING.
 38153 | Depths:2 | 38153 ||| FLEEEEING.
 38154 | Depths:2 | 38154 ||| STAIRDANCE
 38207 | Depths:2 | Received a gift from Okawaru
 38273 | Depths:2 | Found a runed translucent door.
 38321 | Depths:2 | Found a runed translucent door.
 38326 | Depths:2 | Noticed an ancient lich
 38370 | Depths:2 | Reached skill level 26 in Fighting
 38414 | Depths:3 | 38414 ||| INVOKING Heroism.
 38415 | Depths:3 | 38415 ||| INVOKING Finesse.
 38461 | Depths:3 | Identified the +3 robe of Dramatic Exits {rN++ Dex-3}
 38520 | Depths:3 | 38520 ||| Stepping ~*~*~tactically~*~*~ (outnumbered).
 38521 | Depths:3 | Noticed a golden dragon
 38522 | Depths:3 | 38522 ||| Stepping ~*~*~tactically~*~*~ (outnumbered).
 38527 | Depths:3 | 38527 ||| INVOKING Heroism.
 38528 | Depths:3 | 38528 ||| INVOKING Finesse.
 38538 | Depths:3 | Killed a golden dragon
 38625 | Depths:3 | 38625 ||| INVOKING Heroism.
 38626 | Depths:3 | 38626 ||| INVOKING Finesse.
 38679 | Depths:3 | 38679 ||| INVOKING Heroism.
 38706 | Depths:3 | 38706 ||| INVOKING Heroism.
 38821 | Depths:3 | 38821 ||| FLEEEEING.
 38822 | Depths:3 | 38822 ||| FLEEEEING.
 38823 | Depths:3 | 38823 ||| FLEEEEING.
 38824 | Depths:3 | 38824 ||| FLEEEEING.
 38848 | Depths:3 | 38848 ||| INVOKING Heroism.
 39118 | Depths:3 | 39118 ||| Stepping ~*~*~tactically~*~*~ (outnumbered).
 39119 | Depths:3 | 39119 ||| Stepping ~*~*~tactically~*~*~ (outnumbered).
 39123 | Depths:3 | 39123 ||| INVOKING Heroism.
 39141 | Depths:3 | 39141 ||| INVOKING Heroism.
 39145 | Depths:3 | 39145 ||| Stepping ~*~*~tactically~*~*~ (outnumbered).
 39147 | Depths:3 | 39147 ||| Stepping ~*~*~tactically~*~*~ (outnumbered).
 39155 | Depths:3 | Reached XP level 23. HP: 114/172 MP: 30/30
 39245 | Depths:3 | Identified the +1 hand axe of Doubt {venom, Dex+5}
 39247 | Depths:3 | Identified the +6 quarterstaff of Daddeadd {heavy, Dex+5}
 39260 | Depths:3 | Noticed a juggernaut
 39261 | Depths:3 | 39261 ||| Stepping ~*~*~tactically~*~*~ (outnumbered).
 39262 | Depths:3 | 39262 ||| INVOKING Finesse.
 39263 | Depths:3 | 39263 ||| INVOKING Heroism.
 39266 | Depths:3 | Noticed a golden dragon
 39267 | Depths:3 | 39267 ||| Stepping ~*~*~tactically~*~*~ (outnumbered).
 39271 | Depths:3 | 39271 ||| Stepping ~*~*~tactically~*~*~ (outnumbered).
 39281 | Depths:3 | Killed a juggernaut
 39313 | Depths:3 | Killed a golden dragon
 39325 | Depths:3 | 39325 ||| INVOKING Heroism.
 39422 | Depths:3 | Found a one-way gate to the infinite horrors of the Abyss.
 39594 | Depths:3 | Noticed Vv
 39595 | Depths:3 | 39595 ||| DRINKING 3 potions of resistance.
 39596 | Depths:3 | 39596 ||| INVOKING Heroism.
 39621 | Depths:3 | HP: 39/172 [fire giant/+1 great sword of flaming (11)]
 39622 | Depths:3 | 39622 ||| READING 7 scrolls of teleportation.
 39622 | Depths:3 | HP: 4/172 [fire giant/+1 great sword of flaming (18)]
 39622 | Depths:3 | HP: 1/172 [fire giant/+1 great sword of flaming (3)]
 39623 | Depths:3 | 39623 ||| DRINKING 4 potions of heal wounds.
 39624 | Depths:3 | 39624 ||| DRINKING 3 potions of heal wounds.
 39655 | Depths:3 | HP: 41/172 [Vv (43)]
 39656 | Depths:3 | 39656 ||| READING 6 scrolls of teleportation.
 39657 | Depths:3 | 39657 ||| DRINKING 2 potions of heal wounds.
 39658 | Depths:3 | 39658 ||| DRINKING potion of heal wounds.
 39783 | Depths:3 | 39783 ||| DRINKING 2 potions of resistance.
 39784 | Depths:3 | 39784 ||| INVOKING Heroism.
 39805 | Depths:3 | HP: 22/172 [Vv (22)]
 39806 | Depths:3 | 39806 ||| READING 5 scrolls of teleportation.
 39811 | Depths:3 | HP: 20/172 [Vv (8)]
 39811 | Depths:3 | Demolished by Vv

Levels and vault maps discovered:
D:1:      minmay_arrival_jagged, layout_rooms
D:2:      layout_loops_ring, minmay_lizard_pond
D:3:      layout_rooms, mainiacjoe_overflow_alcove_1, marbit_many_paths,
          elyvilon_altar_1, mainiacjoe_overflow_catwalk, old_standard_altar,
          chequers_avenue
D:4:      layout_basic, hangedman_glass_garden
D:5:      layout_loops_ring, evilmike_ruin_ashenzari, nicolae_uskayaw_suspiria,
          minmay_temple_entry_offerings, nicolae_wooded_promenade,
          mrwooster_statue_mirror, chequers_serial_rivers_micro_b
D:6:      layout_loops_corners, nicolae_tso_swordbearing_angel,
          hangedman_decor_opposing, uniq_grinder, uniq_blork_the_orc
D:7:      layout_gridville, xom_teletrap_fun, uniq_menkaure
D:8:      layout_gridville, minmay_lair_entry_grove, serial_glass,
          glass_columns_b, glass_columns_a, glass_columns_b, patterned_corridor,
          uniq_maurice, uniq_gastronok
D:9:      gammafunk_sealed_arena, layout_basic, fedhas_altar_1, minivault_16
D:10:     layout_roguey, nicolae_overflow_hidden_temple, uniq_josephine,
          uniq_joseph
D:11:     layout_basic, uniq_psyche
D:12:     minmay_slanted_spiral_squares, layout_irregular_city, enter_trove_5
D:13:     layout_layer_cave, lightli_vaults_fourway_checkpoint,
          portal_ice_cave_entry_ice_simulacra, dk_noncrumbling_2
D:14:     layout_roguey, gammafunk_ghost_smash, okawaru_ov_weapons_minmay,
          uniq_roxanne
D:15:     grunt_enter_depths_hoard, layout_loops_ring, nicolae_titane
Temple:   minmay_freezing_vapour_temple
Lair:1:   layout_gridlike, nicolae_quartered_pool_medium, st_stairs_9,
          grunt_megastairs_4, lemuel_fruit_fields, uniq_grum
Lair:2:   layout_misc_corridors
Lair:3:   layout_cave_pods, elwin_shoals_entry_rooms, dummy_spider_entry,
          gauntlet_entry_generic, gammafunk_ghost_split, serial_rivers,
          chequers_serial_rivers_micro_c, chequers_serial_rivers_room_a,
          chequers_serial_rivers_large_b, chequers_serial_rivers_room_b,
          chequers_serial_rivers_small_b, chequers_serial_rivers_small_a,
          uniq_nergalle, uniq_amaemon
Lair:4:   layout_regular_city, gammafunk_ghost_icy, lemuel_fruit_tree
Lair:5:   gammafunk_lair_ancient_temple, layout_long_grid,
          minmay_slime_entry_oklob_enclosed, chequers_serial_rivers_small_b,
          chequers_serial_rivers_micro_e, nzn_sisyphean_effort,
          infiniplex_staircase_pool, lemuel_fruit_fields, uniq_rupert
Shoals:1: argonaut_golden_fleece, layout_shoals, uniq_frances
Shoals:2: layout_shoals, gammafunk_ghost_wrathful_warriors,
          nicolae_shoals_nautilus_by_nature, nicolae_shoals_sun_and_surf,
          uniq_louise
Shoals:3: layout_shoals, nicolae_island_escapes
Shoals:4: shoals_end_hellmonk_lost_city, serial_shops, uniq_mara
Spider:1: layout_spider_delve, nicolae_looking_at_the_future
Spider:2: cheibrodos_spider_deadly_dance, nicolae_spider_solar_radiation
Spider:3: layout_spider_delve, hellmonk_deceptive_appearances
Spider:4: grunt_spider_rune_circles
Orc:1:    layout_diamond_mine
Orc:2:    st_orc_mages, layout_diamond_mine, basic_altar, minmay_orc_temple_c
Vaults:1: nicolae_vaults_network_square, st_quartered_hall,
          nicolae_vaults_network_barrier, nicolae_vaults_closet_pinwheel_6,
          nicolae_vaults_rhombus_5, nicolae_vaults_weapon_check,
          nicolae_vaults_heart-shaped_vault, vaults_room_pool,
          nicolae_vaults_border_crossing, layout_vaults_omnigrid
Vaults:2: hellmonk_ghost_big_iron, nicolae_vaults_little_ls,
          nicolae_vaults_hallways_thing, v_misc_22, v_pattern_3,
          dpeg_vaults_monster_box, vaults_room_ringed_pool,
          ontoclasm_vaults_chip, nicolae_vaults_house_3,
          nicolae_vaults_closet_pinwheel_1, layout_vaults_maze_snakey
Vaults:3: minmay_crypt_entry_skeletal_spiral, nicolae_vaults_layer_cake_slice,
          hangedman_vaults_corner, v_pattern_4, ontoclasm_vaults_ligature,
          v_misc_29, v_alt_pattern_1, vaults_room_grunt_arrival_ludios,
          v_rooms_4, nicolae_vaults_double_plus_1,
          nicolae_vaults_trapezoid_lopsided_1, nicolae_vaults_apartment_1,
          nicolae_vaults_alarming, layout_vaults_big_cross, serial_shops, shop
Vaults:4: ebering_ghost_inner_flame, hangedman_vaults_stitches, v_misc_18,
          nicolae_vaults_closet_pinwheel_4, ontoclasm_vaults_shout,
          ontoclasm_vaults_loading_screen, nicolae_vaults_tetromino_Z_1,
          ontoclasm_vaults_ring_square, ontoclasm_vaults_claustrophobia,
          v_misc_30, nicolae_vaults_mini_display_case,
          nicolae_vaults_surprise_closet, layout_vaults_ring
Depths:1: layout_cave_pools, kennysheep_cluttered_room, grunt_pan_entry_sceptre,
          hell_entry, nicolae_dithmenos_through_a_glass_darkly
Depths:2: cheibrodos_witchhunters_guild, layout_cave_pools, enter_ziggurat_f,
          rand_demon_pan_entry_9, hell_entry, minmay_staircase_bubble
Depths:3: kennysheep_green_arena, layout_basic, abyss_entry,
          pf_hell_entry_tar_river, kennysheep_big_empty_room,
          serial_bayou_lake_a, infiniplex_staircase_zigzag_2, uniq_vv

Skill      XL: |  1  2  3  4  5  6  7  8  9 10 11 12 13 14 15 16 17 18 19 20 21 22 23 |
---------------+----------------------------------------------------------------------+-----
Ranged Weapons | 3 4 5 6 8 9 10 13 14 15 16 18 20 | 20.0
Fighting       | 2 3 4 5 7 8 10 13 14 16 18 19 21 23 24 26 | 26.1
Armour         | 1 2 3 4 6 7 8 10 11 12 13 | 13.0
Dodging        | 2 3 4 5 6 7 9 11 12 13 15 18 19 | 19.0
Invocations    | 3 4 6 9 10 | 10.0
Spellcasting   | |  1.0
Hexes          | |  2.6

Action                     |  1- 3 |  4- 6 |  7- 9 | 10-12 | 13-15 | 16-18 | 19-21 | 22-24 || total
---------------------------+-------+-------+-------+-------+-------+-------+-------+-------++-------
   Fire: Sling             |    84 |    95 |       |       |       |       |       |       ||   179
         Orcbow            |       |   131 |   338 |   791 |   506 |       |       |       ||  1766
         Arbalest          |       |       |       |       |   976 |  1109 |       |       ||  2085
         Longbow           |       |       |       |       |       |   934 |  2150 |   931 ||  4015
 Invoke: Heroism           |       |       |     9 |    36 |    28 |    44 |    15 |    18 ||   150
         Finesse           |       |       |       |     1 |     4 |    11 |    10 |    10 ||    36
    Use: Scroll            |     2 |    10 |     5 |     4 |    11 |     9 |     3 |     4 ||    48
         Potion            |       |     4 |     2 |     4 |     2 |     7 |     3 |     7 ||    29
 Armour: Ring mail         |    13 |     1 |       |       |       |       |       |       ||    14
         Robe              |     1 |       |       |       |       |       |       |       ||     1
         Leather armour    |       |    72 |   159 |   243 |   262 |   363 |   438 |    95 ||  1632
         Skin              |       |     2 |       |       |       |       |       |       ||     2
  Dodge: Dodged            |    27 |   130 |   208 |   363 |   977 |  1484 |  1431 |   559 ||  5179
         Repelled          |       |       |       |       |       |       |     6 |     4 ||    10

Table legend:
 A = Non-vault XP
 B = Vault XP
 C = Vault XP percentage of total XP
 D = Non-vault monster count
 E = Vault monster count
 F = Vault count percentage of total count
                 A         B        C        D         E       F
            +---------+---------+-------+---------+---------+-------
      Total |  464967 |  260270 |  35.9 |    1117 |     489 |  30.4
            +---------+---------+-------+---------+---------+-------
        D:1 |      27 |       0 |   0.0 |      17 |       0 |   0.0
        D:2 |      54 |       5 |   8.5 |       9 |       5 |  35.7
        D:3 |      77 |       2 |   2.5 |      24 |       1 |   4.0
        D:4 |     347 |       0 |   0.0 |      27 |       0 |   0.0
        D:5 |     321 |       0 |   0.0 |      10 |       0 |   0.0
        D:6 |     959 |     381 |  28.4 |      17 |       2 |  10.5
        D:7 |    1343 |     169 |  11.2 |      29 |       1 |   3.3
        D:8 |     366 |    3790 |  91.2 |      11 |      14 |  56.0
        D:9 |    2769 |     670 |  19.5 |      24 |       1 |   4.0
       D:10 |    2017 |    1961 |  49.3 |      33 |       5 |  13.2
       D:11 |    4334 |     379 |   8.0 |      25 |       1 |   3.8
       D:12 |    5603 |    7264 |  56.5 |      16 |      16 |  50.0
       D:13 |    7909 |    7421 |  48.4 |      24 |      20 |  45.5
       D:14 |    7524 |    1378 |  15.5 |      13 |       1 |   7.1
       D:15 |   16605 |    1707 |   9.3 |      29 |       2 |   6.5
     Lair:1 |    5458 |    3364 |  38.1 |      23 |      12 |  34.3
     Lair:2 |    4612 |       0 |   0.0 |      14 |       0 |   0.0
     Lair:3 |    5535 |    1965 |  26.2 |      21 |       3 |  12.5
     Lair:4 |    6314 |       0 |   0.0 |      28 |       0 |   0.0
     Lair:5 |    9463 |   11230 |  54.3 |      37 |      25 |  40.3
   Shoals:1 |   17792 |    3250 |  15.4 |      39 |       3 |   7.1
   Shoals:2 |   19737 |    3609 |  15.5 |      32 |       5 |  13.5
   Shoals:3 |   12368 |       0 |   0.0 |      22 |       0 |   0.0
   Shoals:4 |   13400 |   26810 |  66.7 |      26 |      34 |  56.7
   Spider:1 |   12412 |    1884 |  13.2 |      33 |      15 |  31.2
   Spider:2 |   14840 |    4015 |  21.3 |      37 |       5 |  11.9
   Spider:3 |   18253 |    1762 |   8.8 |      42 |       2 |   4.5
   Spider:4 |   14057 |   19293 |  57.9 |      35 |      38 |  52.1
      Orc:1 |    5256 |       0 |   0.0 |      35 |       0 |   0.0
      Orc:2 |    3978 |   11990 |  75.1 |      44 |      87 |  66.4
   Vaults:1 |   27473 |   29846 |  52.1 |      35 |      39 |  52.7
   Vaults:2 |   30195 |   10879 |  26.5 |      39 |      13 |  25.0
   Vaults:3 |   42067 |   26600 |  38.7 |      58 |      46 |  44.2
   Vaults:4 |   47750 |   22707 |  32.2 |      64 |      28 |  30.4
   Depths:1 |   43422 |     763 |   1.7 |      62 |       1 |   1.6
   Depths:2 |   31527 |   24087 |  43.3 |      43 |      29 |  40.3
   Depths:3 |   28803 |   25534 |  47.0 |      40 |      21 |  34.4
   Gauntlet |       0 |    5555 | 100.0 |       0 |      14 | 100.0
            +---------+---------+-------+---------+---------+-------
